Cogmind - Beta 16 @@@ ROGUE MODE // 2026.01.06 @ 05:31:06 Player: AngelSpirit Result: Destroyed 0b10! Performance ------------- Evolutions (9) 4500 Regions Visited (23) 4600 Robots Destroyed (358) 1790 Value Destroyed (19265) 19265 Prototype IDs (385) 7700 Alien Tech Used (12) 2400 Bonus (53949) 53949 TOTAL SCORE: 94204 Bonus ------- Triggered High Security 500 Triggered Max Security 2000 High Alert Combat Kills 4358 Follower Combat Kills 2222 Network Hubs Disabled 200 Delivered SUBCON Basin 2000 Registered with UFD 300 Met Optimus in HQ 500 Met Zhirov 300 Built Enhanced Grunts 300 A7 Reached Mainframe 300 Met R17 at Cetus 500 Used Core Reset Matrix 3000 Met R17 at Research 2000 Met Sigix 2000 Integrated Exoskeleton 5000 Escaped with Sigix 5000 Destroyed MAIN.C Guards 500 Met MAIN.C 5000 Destroyed MAIN.C Shell 5000 Destroyed MAIN.C 10000 Win 3000 Friendly Fire -31 Cogmind --------- Core Integrity 601/1600 Matter 300/300 Energy 448/450 System Corruption 0% Temperature Cool (0) Movement Walking (30) Location Tau Ceti IV Orbit Parts ------- > --- POWER (1) -------- Improved Quantum Reactor > --- PROPULSION (3) --- Sigix Exoskeleton > --- UTILITY (4) ------ High-capacity Storage Unit Experimental Targeting Computer Experimental Core Analyzer Experimental Reaction Control System > --- WEAPON (3) ------- Sigix Sheargun Sigix Sheargun Sigix Sheargun > --- INVENTORY (20) --- Experimental Cooling System Experimental Matter Compressor (500) Experimental Targeting Computer Experimental Target Analyzer Improved Armor Integrity Analyzer Advanced Weapon Cycler Stasis Canceller Experimental ECM Suite Advanced Phase Shifter Graphene Brace Experimental Force Field Improved System Restoration Module Dimensional Node Initializer Subatomic Replicator Core Cannon Micro-nuke Launcher Micro-nuke Launcher Sigix Containment Pod Peak State ------------ > --- POWER ------------ Improved Quantum Reactor > --- PROPULSION ------- Sigix Exoskeleton > --- UTILITY ---------- High-capacity Storage Unit Experimental Targeting Computer Experimental Core Analyzer Experimental Reaction Control System > --- WEAPON ----------- Sigix Sheargun Sigix Sheargun Sigix Sheargun > --- INVENTORY -------- Zero-point Reactor Zero-point Reactor Experimental Cooling System Experimental Matter Compressor Advanced Launcher Guidance Computer Experimental Target Analyzer Advanced Weapon Cycler Stasis Canceller Experimental ECM Suite Advanced Phase Shifter Graphene Brace Experimental Force Field Dimensional Node Initializer Subatomic Replicator Core Cannon Micro-nuke Launcher Micro-nuke Launcher Sigix Containment Pod [Rating: 251] Favorites ----------- Power Meta Core Engine Ion Engine Power Core Meta Core Reactor Fusion Reactor Propulsion Overtuned Huge Scrapsphere Leg Light Armored Exoskeleton Wheel Overtuned Huge Scrapsphere Hover Unit Combat Linear Gravjet Utility High-capacity Storage Unit Device Advanced Sensor Array Storage High-capacity Storage Unit Processor Experimental Targeting Computer Hackware Advanced Hacking Suite Protection Enhanced Scrap Shield Weapon Overtuned Railgun Energy Gun Sigix Sheargun Energy Cannon Subdweller Beam Cannon Ballistic Gun Overtuned Railgun Ballistic Cannon Hypervelocity Mass Driver Launcher Subdweller Shrapnel Launcher Special Weapon Advanced Remote Datajack Impact Weapon Thunder Hammer Slashing Weapon Molecular Scythe Special Melee Weapon Improved Datajack Build | -11 -10 -10 -7 -7 -5 -5 -5 -5 -5 -5 -4 -4 -4 -4 -4 -4 -3 -3 -2 -2 -2 -1 -1 ------- Run | Yrd Mat Sub Rec Scr Fac Was Fac Upp Upp Zhi Pro Fac Ext Cet Arc Hub Res Qua Res Tes Sec Acc Com Slots Evolved 18 | . . . . . 10 . . . . . . 2 . . . . 2 . 2 . . 2 . Power 1 | . . . . . . . . . . . . . . . . . . . 1 . . . . Propulsion 4 | . . . . . 2 . . . . . . 1 . . . . 1 . . . . . . Utility 11 | . . . . . 7 . . . . . . 1 . . . . 1 . 1 . . 1 . Weapon 2 | . . . . . 1 . . . . . . . . . . . . . . . . 1 . Parts Attached 355 | 6 14 23 6 7 17 4 27 4 5 5 1 17 14 10 2 8 24 10 64 29 17 15 26 Power 38 | 1 1 3 . 1 1 1 2 . . 1 . . 1 3 . 2 1 2 9 5 1 1 2 Engine 8 | 1 1 2 . 1 . . 1 . . . . . . . . . . . 2 . . . . Core 6 | . . 1 . . 1 . 1 . . . . . 1 1 . . . . 1 . . . . Reactor 24 | . . . . . . 1 . . . 1 . . . 2 . 2 1 2 6 5 1 1 2 Propulsion 54 | 2 2 8 2 1 1 . 1 . 3 2 . 6 6 . . . 4 . 14 . 2 . . Treads . | . . . . . . . . . . . . . . . . . . . . . . . . Leg 2 | . . . . 1 1 . . . . . . . . . . . . . . . . . . Wheel 35 | 2 2 8 2 . . . 1 . 3 1 . 5 6 . . . 4 . 1 . . . . Hover 17 | . . . . . . . . . . 1 . 1 . . . . . . 13 . 2 . . Flight . | . . . . . . . . . . . . . . . . . . . . . . . . Utility 181 | 1 6 3 3 1 12 2 17 1 1 2 1 7 2 4 2 4 12 5 34 19 9 14 19 Device 91 | . 3 1 . . 4 2 8 . . . . 3 2 1 2 2 7 2 20 13 2 9 10 Storage 14 | 1 3 . . . 2 . . . . 1 . 1 . . . . . 1 3 1 . . 1 Processor 39 | . . . . 1 4 . 3 . . . . 1 . 1 . 1 3 1 5 3 4 4 8 Hackware 14 | . . . 1 . 1 . 3 . . . 1 1 . . . . 2 . 2 1 1 1 . Protection 23 | . . 2 2 . 1 . 3 1 1 1 . 1 . 2 . 1 . 1 4 1 2 . . Artifact . | . . . . . . . . . . . . . . . . . . . . . . . . Weapon 82 | 2 5 9 1 4 3 1 7 3 1 . . 4 5 3 . 2 7 3 7 5 5 . 5 Energy Gun 13 | . . 1 . 2 1 . 3 . . . . 2 . . . . 1 . . . 3 . . Energy Cannon 10 | . . 4 . . . . 1 1 1 . . . . . . . . 1 . 1 . . 1 Ballistic Gun 32 | 2 4 2 . . 2 . 1 . . . . 1 5 2 . 1 3 . 6 1 1 . 1 Ballistic Cannon 9 | . . 1 . . . . . 1 . . . 1 . . . 1 . . 1 3 1 . . Launcher 9 | . 1 1 . . . . 1 1 . . . . . . . . 2 1 . . . . 2 Special Weapon 3 | . . . . 1 . . . . . . . . . 1 . . . . . . . . 1 Impact Weapon 1 | . . . . . . . 1 . . . . . . . . . . . . . . . . Slashing Weapon 4 | . . . . 1 . 1 . . . . . . . . . . 1 1 . . . . . Piercing Weapon . | . . . . . . . . . . . . . . . . . . . . . . . . Special Melee Weapon 1 | . . . 1 . . . . . . . . . . . . . . . . . . . . Unidentified Prototypes 54 | . . . . . . 1 6 1 . 5 . 1 . 1 . 1 5 6 10 12 4 1 . Corrupted Parts 5 | . . . . . . . 2 . . . . . . . . 1 . . . . . . 2 System Corruption 12 | . . . . . . . 4 . . . . . . . . 3 . . . . . . 5 Parts Lost 69 | . 1 5 1 . . . 8 . . . . 6 3 1 . 1 3 2 18 13 5 . 2 Power 9 | . . 1 . . . . 1 . . . . . . . . . . . 3 2 2 . . Propulsion 15 | . . 3 1 . . . 2 . . . . 3 2 . . . . . 2 1 1 . . Utility 30 | . . . . . . . 3 . . . . 2 . . . . 2 1 9 9 2 . 2 Weapon 15 | . 1 1 . . . . 2 . . . . 1 1 1 . 1 1 1 4 1 . . . Highest Loss Streak 8 | . 1 2 1 . . . 2 . . . . 1 1 1 . 1 1 1 3 8 4 . 1 To Critical Strikes 2 | . . . . . . . . . . . . . . 1 . . . . . . 1 . . Average Backups 14 | . 9 10 13 19 12 14 12 15 14 14 17 16 16 16 17 17 17 16 13 11 8 7 10 Power . | . 1 1 1 . . . . 1 1 1 1 1 1 . 1 1 . . . . . . 1 Propulsion 2 | . 2 3 2 3 2 2 2 2 1 1 3 4 5 3 2 2 2 2 . . . . . Utility 6 | . 1 3 6 12 5 6 5 6 6 6 7 5 3 6 8 9 9 7 5 4 1 2 4 Weapon 2 | . 2 2 1 2 2 4 3 4 5 4 4 3 4 3 4 3 3 3 3 3 2 1 2 Tool/Special . | . . . . . . . . . . . . . . . . . . . . . . . . Unused Backups 72 | . 1 12 1 11 4 1 4 1 1 2 . 2 2 4 . . 3 2 1 . . . 20 Power 7 | . 1 1 . 1 . . . . . 1 . 1 . . . . . . . . . . 2 Propulsion 15 | . . 4 . . . 1 . . . . . 1 2 4 . . . 1 1 . . . 1 Utility 34 | . . 1 1 10 4 . 3 1 1 1 . . . . . . 1 1 . . . . 10 Weapon 10 | . . 5 . . . . . . . . . . . . . . . . . . . . 5 Tool/Special 6 | . . 1 . . . . 1 . . . . . . . . . 2 . . . . . 2 Average Slot Usage (%) 82 | . 98 88 78 78 76 88 85 75 78 73 88 88 81 77 78 77 76 78 86 77 71 76 76 Engine 2 | . 14 8 . 4 . . 4 . . . . . . . . . . . 1 . . . . Core 2 | . . 3 10 6 4 3 . . . . . . 1 1 5 3 . . . . . . . Reactor 2 | . . . . . . 1 . 5 5 5 5 5 3 3 . 1 4 4 5 6 7 9 9 Leg 2 | . . . . . 9 10 8 . . . . . . . . . . . . . 6 9 9 Wheel 13 | . 28 24 19 22 . . . 5 7 16 17 19 17 15 15 15 15 14 6 . . . . Hover 1 | . . . . . . . . . . . . . . . . . . . 11 17 7 . . Device 10 | . 8 10 . . 11 18 16 11 11 11 11 11 11 10 17 14 13 17 18 22 8 4 8 Storage 7 | . 14 12 10 11 5 5 5 5 5 5 5 5 5 5 5 5 4 4 4 4 7 9 9 Processor 11 | . . . . 8 18 23 21 17 17 17 17 15 15 14 10 10 12 14 11 10 13 16 14 Hackware 3 | . . . 8 6 4 5 6 5 . . 4 9 5 4 . . 3 4 5 2 1 . . Protection 4 | . 4 2 9 1 4 5 4 5 10 10 5 6 5 5 8 10 5 3 8 3 1 . . Energy Gun 5 | . . 2 . 4 10 10 9 8 . . . 1 1 . . . . . . . 10 27 26 Energy Cannon 3 | . . 15 19 1 . . . 1 10 . 11 5 . . . . . . . . . . . Ballistic Gun 4 | . 27 6 . . 2 4 . . . . . 1 10 14 12 13 12 10 9 . 1 . . Slashing Weapon 1 | . . . . 3 . . 4 4 . 2 . 1 3 . 2 . 1 3 2 4 1 . . Peak Build Rating 251 | 6 10 46 49 47 102 102 110 108 108 103 105 120 120 126 125 133 148 164 186 209 225 237 251 Average Rating 103 | 4 8 28 35 33 87 100 102 105 102 83 104 110 114 120 122 125 140 148 164 170 183 230 237 On Entrance 103 | . 6 10 42 36 28 102 101 102 108 98 103 105 112 117 123 123 133 142 152 167 126 219 227 Avg Prop Armor Cover (%) 2 | . . 5 . . . . . . . . . 2 2 . . . . 3 3 . . . . Naked Turns . | . . . . . . . . . . . . . . . . . . . . . . . . Heaviest Build 122 | 11 91 106 122 100 79 82 85 97 105 101 101 102 88 97 97 104 102 103 111 90 61 59 82 Greatest Support 100 | 26 26 36 32 32 85 85 85 35 54 56 56 72 80 56 56 56 72 60 96 100 80 80 80 Greatest Overweight (x) 12 | . 4 10 12 5 . . 2 2 2 1 1 2 2 1 1 2 1 2 4 1 1 . 1 Average Overweight (x) 1 | . . 2 4 2 . . . 2 1 1 1 1 1 1 1 1 1 1 . . . . . Largest Inventory Capacity 25 | 8 25 25 25 25 25 20 20 20 20 20 20 20 20 20 20 20 20 20 20 15 15 15 20 Average Capacity 20 | 6 12 25 25 25 19 20 20 20 20 20 20 20 20 20 20 20 20 20 17 15 14 15 16 Most Carried 25 | 2 15 25 25 25 25 20 20 20 20 20 20 20 20 20 20 20 20 20 20 15 15 12 20 Average Carried 18 | . 9 21 18 23 17 20 19 19 19 18 20 19 19 19 19 19 19 19 17 14 11 10 14 Final Capacity 25 | 8 25 25 25 25 20 20 20 20 20 20 20 20 20 20 20 20 20 20 15 15 15 15 20 Final Carried 25 | 2 14 24 24 25 20 20 20 20 17 20 20 18 20 20 20 20 20 19 15 15 8 12 20 Scrap Suit Usage (%) 7 | . . . . . . . . . . . . . 68 100 22 . 5 2 29 . . . 1 Parts Cannibalized 15 | . . . . . . . . . . . . . 1 . . . . 1 13 . . . . Class Distribution -------------------- 41% | Mutant 15% | Scavenger-Scrapper 10% | Alien-Sigix 5% | Skirmisher 4% | Commander-Scrapper 3% | Hacker-Skirmisher 3% | Scavenger-Mutant 3% | Assassin Dominant Class ---------------- Mutant | -10/Materials Mutant | -10/Subcaves Mutant | -7/Recycling Mutant | -7/Scraptown Tank | -5/Factory Gunner | -5/Waste Assassin | -5/Factory Mutant | -5/Upper Caves Skirmisher | -5/Upper Caves Mutant | -5/Zhirov Skirmisher | -4/Proximity Caves Hacker-Skirmisher | -4/Factory Commander-Scrapper | -4/Extension Commander-Scrapper | -4/Cetus Commander-Scrapper | -4/Archives Scavenger-Scrapper | -4/Hub_04(d) Scavenger-Scrapper | -3/Research Scavenger-Scrapper | -3/Quarantine Scavenger-Scrapper | -2/Research Mutant | -2/Testing Alien-Sigix | -2/Section 7 Alien-Sigix | -1/Access Alien-Sigix | -1/Command Resources | -11 -10 -10 -7 -7 -5 -5 -5 -5 -5 -5 -4 -4 -4 -4 -4 -4 -3 -3 -2 -2 -2 -1 -1 ----------- Run | Yrd Mat Sub Rec Scr Fac Was Fac Upp Upp Zhi Pro Fac Ext Cet Arc Hub Res Qua Res Tes Sec Acc Com Matter Collected 15273 | 252 429 594 320 135 289 421 859 106 282 485 68 667 797 428 265 937 1089 1311 2801 1277 547 84 830 Remotely . | . . . . . . . . . . . . . . . . . . . . . . . . Salvage Created 21476 | . 710 647 259 139 573 1390 1992 161 205 287 . 1488 1693 327 406 900 817 1981 3684 1099 639 289 1790 Parts 950 | . 45 54 14 10 18 21 78 7 9 6 . 58 70 12 22 42 44 99 195 53 33 10 50 Haulers Intercepted 4 | . 2 . . . . . . . 1 . . . . . . . . . . . . 1 . Recyclers Shooed 6 | . . . . . . . . . . . . . 1 . . 1 2 1 1 . . . . Parts Field Recycled . | . . . . . . . . . . . . . . . . . . . . . . . . Retrieved Matter . | . . . . . . . . . . . . . . . . . . . . . . . . Parts Self-Destructed 24 | . . 8 . . . . . 6 7 3 . . . . . . . . . . . . . Prevented 2 | . . . . . . . . 2 . . . . . . . . . . . . . . . Parts Restored . | . . . . . . . . . . . . . . . . . . . . . . . . Kills | -11 -10 -10 -7 -7 -5 -5 -5 -5 -5 -5 -4 -4 -4 -4 -4 -4 -3 -3 -2 -2 -2 -1 -1 ------- Run | Yrd Mat Sub Rec Scr Fac Was Fac Upp Upp Zhi Pro Fac Ext Cet Arc Hub Res Qua Res Tes Sec Acc Com Combat Hostiles Destroyed 280 | . 14 21 3 2 16 5 41 4 9 . . 20 17 5 1 14 13 22 47 12 7 1 6 Melee 30 | . . . . . . . 3 . . . . 4 2 . . . . 6 11 4 . . . Guns 168 | . 11 3 . 2 14 5 30 1 . . . 5 15 5 1 10 10 13 30 . 7 1 5 Cannons 38 | . . 9 3 . . . . 1 3 . . 9 . . . 1 . 3 . 8 . . 1 AOE 38 | . 3 7 . . 2 . 4 2 6 . . 2 . . . 3 3 . 6 . . . . Classes Destroyed 27 | . 6 3 1 1 2 1 2 . . . . 2 2 . . 1 . 2 2 . 2 . . Worker 16 | . 3 . . . . . 1 . . . . 1 . . . 3 4 2 1 . . 1 . Builder 14 | . . . . . . . . . . . . 2 . . . 1 1 3 5 2 . . . Tunneler 1 | . . . . . . . . . . . . 1 . . . . . . . . . . . Hauler 4 | . 2 . . . . . . . 1 . . . . . . . . . . . . 1 . Recycler 11 | . . . 1 . . . . . . . . 2 3 . . . . 3 1 1 . . . Mechanic 1 | . . . . . . . 1 . . . . . . . . . . . . . . . . Operator 12 | . 1 . . . . . 1 . . . . . . . 9 . . . 1 . . . . Turret 2 | . . 2 . . . . . . . . . . . . . . . . . . . . . Watcher 15 | . 3 . . . . . . . . . . 1 . . . . 1 3 3 . . 2 2 Swarmer 49 | . 3 7 . . 4 . 11 . 4 . . . . . . . 6 4 9 1 . . . Saboteur 1 | . . . . . . . . . . . . . . . . . . . 1 . . . . Grunt 87 | . 11 . . . 6 . 11 2 5 . . 13 8 . . 3 . 4 15 6 . . 3 Brawler 5 | . . . . . . . 3 . . . . . . . . . . . 1 1 . . . Duelist 1 | . . . . . . . . . . . . . . . . . . . 1 . . . . Protector 2 | . . . . . . . . . . . . . . . . 2 . . . . . . . Sentry 31 | . . 1 3 . 1 . 4 1 . . . . 5 . 1 3 2 . 5 . 4 1 . Specialist 3 | . . . . . . . . . . . . . . . . . . 3 . . . . . Hunter 18 | . . . . . 1 . 2 1 . . . 2 2 . . . 4 . 5 1 . . . Programmer 45 | . . . . . 4 . 10 . . . . 5 1 . . . 1 10 10 3 . . 1 Behemoth 1 | . . . . . . . . . . . . . 1 . . . . . . . . . . Compactor 5 | . . . . . . 5 . . . . . . . . . . . . . . . . . Cetus Guard 5 | . . . . . . . . . . . . . . 5 . . . . . . . . . Lightning 6 | . . . . . . . . . . . . . . . . 6 . . . . . . . Striker 2 | . . . . . . . . . . . . . . . . . . . . . 2 . . Executioner 1 | . . . . . . . . . . . . . . . . . . . . . 1 . . Alpha 7 1 | . . . . . . . . . . . . . . . . . . 1 . . . . . Subdweller 13 | . . 13 . . . . . . . . . . . . . . . . . . . . . Scrapper 2 | . . . . 2 . . . . . . . . . . . . . . . . . . . Scrapoid 1 | . . . . . . . . . . . . . . . . . . . 1 . . . . Butcher 1 | . . . . . . . . . . . . . 1 . . . . . . . . . . Best Kill Streak 19 | . 4 6 2 1 4 2 5 3 6 . . 6 5 3 3 9 5 19 13 9 2 2 5 Combat Bots Only 9 | . 3 4 2 1 4 2 5 3 5 . . 4 5 3 1 7 4 5 8 9 2 1 5 Max Kills in Single Turn 4 | . 3 2 1 1 2 1 4 1 2 . . 4 2 1 1 3 2 3 3 3 1 1 1 Gunslinging 1 | . . . . . 1 . 1 . . . . . . . . . . 1 . . . . . Exploded 4 | . 2 2 . . 2 . 4 1 2 . . 2 . . . 3 2 . 3 . . . . Melee 1 | . . . . . . . 1 . . . . 1 1 . . . . 1 1 1 . . . Uniques/NPCs Destroyed 2 | . . . . . . . . . . . . . . . . . . . . . . . 2 MAIN.C Shell (-1/Command) MAIN.C (-1/Command) Combat | -11 -10 -10 -7 -7 -5 -5 -5 -5 -5 -5 -4 -4 -4 -4 -4 -4 -3 -3 -2 -2 -2 -1 -1 -------- Run | Yrd Mat Sub Rec Scr Fac Was Fac Upp Upp Zhi Pro Fac Ext Cet Arc Hub Res Qua Res Tes Sec Acc Com Hostile Shots Fired 2178 | . 42 53 81 4 53 1 179 28 7 . 3 223 78 30 8 53 75 237 411 134 234 41 203 Missed 768 | . 15 21 33 1 17 . 52 9 4 . 2 74 15 8 2 11 22 59 140 35 113 31 104 Hits 1410 | . 27 32 48 3 36 1 127 19 3 . 1 149 63 22 6 42 53 178 271 99 121 10 99 Melee 14 | . . . . . . 1 . . . . . . . . . . . . 3 . 10 . . Projectile 1396 | . 27 32 48 3 36 . 127 19 3 . 1 149 63 22 6 42 53 178 268 99 111 10 99 AOE 2 | . . 1 . . . . . . . . . . . . . . . . 1 . . . . Critical Strikes 104 | . . . . . 3 1 2 . . . . 6 6 5 1 6 1 17 14 22 12 . 8 Part Disruptions 6 | . . . . . 1 . . . . . . . . . . 2 . 2 . 1 . . . Damage Taken 26489 | . 339 562 310 47 557 28 2383 335 59 . 27 2477 1378 455 218 957 1336 2043 5909 1978 2174 303 2614 Core 3386 | . 34 108 69 30 111 28 106 . . . 27 132 77 30 . 48 158 135 445 283 675 97 793 Absorbed by Shields 832 | . . . . . 143 10 213 . . . . 181 145 140 . . . . . . . . . Redirected to Shielding 75 | . . . . . . . . . . . . 75 . . . . . . . . . . . Ignored by Resistances 7336 | . . . 58 . . . . . . . . . . . . 834 . 1788 646 107 1122 312 2469 Regen/Repaired (Parts) 1831 | . . . . 583 . . 147 . . . . 31 5 . . . 133 580 117 . 235 . . Core Remaining (%) 53 | 100 . . . 3 . . . . . . 72 . . . . 75 . 68 . . 22 . 37 Volleys Fired 935 | . 85 66 11 3 37 23 81 8 11 . . 73 54 20 17 73 45 53 88 9 55 41 82 Largest 3 | . 2 2 2 2 3 3 2 2 3 . . 3 3 3 3 3 3 3 3 1 2 3 3 Hottest 300 | . 40 160 160 160 225 235 160 161 266 . . 266 121 104 104 120 225 300 120 100 300 300 300 Shots Fired 2051 | . 167 109 21 5 75 64 148 15 19 1 1 136 146 59 51 161 125 155 239 10 87 77 180 Gun 1777 | . 165 38 . 4 74 64 147 8 . . . 42 146 59 51 137 123 154 233 . 84 77 171 Cannon 240 | . . 63 21 . . . . 4 11 1 1 94 . . . 23 . 1 . 10 3 . 8 Launcher 32 | . 2 8 . . 1 . 1 3 8 . . . . . . 1 2 . 6 . . . . Special 2 | . . . . 1 . . . . . . . . . . . . . . . . . . 1 Kinetic 1247 | . 165 45 . . 12 21 5 2 3 . . 62 135 59 51 160 121 154 233 9 10 . . Thermal 444 | . . 64 21 4 63 43 129 10 8 1 1 74 11 . . . 2 1 . 1 3 . 8 Explosive 23 | . 2 . . . . . 1 3 8 . . . . . . 1 2 . 6 . . . . Electromagnetic 13 | . . . . . . . 13 . . . . . . . . . . . . . . . . Slashing 322 | . . . . . . . . . . . . . . . . . . . . . 74 77 171 Robot Hit Streak 31 | . 8 17 8 17 22 31 22 3 5 . . 13 13 10 8 9 14 18 24 5 9 6 17 Robot Miss Streak 11 | . 5 2 2 1 3 4 3 1 . . . 3 2 3 4 5 5 7 4 11 4 5 3 Penetration Max 2 | . . . . . . 1 . . . . . 1 1 1 1 2 1 2 2 2 1 . 2 Secondary Targets 41 | . . . . . 2 . 7 . . . . 2 7 3 1 1 2 8 6 . 1 . 1 Max Gunslinging Chain 2 | . . . . . 1 . 1 . . . . 1 1 1 1 1 1 2 1 . 1 . 1 Shots Hit Robots 1346 | . 91 53 15 5 54 55 133 7 3 5 . 102 118 43 49 86 73 119 203 23 40 10 59 Core Hits 776 | . 41 29 7 4 55 33 121 9 16 2 . 39 47 18 18 44 33 56 120 34 13 4 33 Critical Kills 59 | . 2 2 . . . 3 . . 3 . . 5 4 1 1 6 3 5 12 8 4 . . Critical Parts Destroyed 68 | . 2 . . . . 1 . 1 . . . 6 7 5 2 7 2 10 16 7 2 . . Critical Strikes 174 | . 4 4 . . . 11 2 2 3 . . 20 12 6 3 14 6 19 36 17 11 . 4 Meltdown 2 | . . 2 . . . . . . . . . . . . . . . . . . . . . Destroy 147 | . 4 . . . . 11 . 2 3 . . 11 12 6 3 14 6 15 30 16 11 . 3 Blast 8 | . . 2 . . . . . . . . . 6 . . . . . . . . . . . Sever 17 | . . . . . . . 2 . . . . 3 . . . . . 4 6 1 . . 1 Melee Attacks 274 | . . . 1 1 . . 27 . . 5 . 26 5 . 13 . 11 42 105 27 11 . . Impact . | . . . . . . . . . . . . . . . . . . . . . . . . Slashing 273 | . . . . 1 . . 27 . . 5 . 26 5 . 13 . 11 42 105 27 11 . . Piercing . | . . . . . . . . . . . . . . . . . . . . . . . . Sneak Attacks 22 | . . . 1 . . . 3 . . . . 2 2 . 7 . . . 3 4 . . . Combat Hostiles 3 | . . . . . . . 2 . . . . . . . . . . . . 1 . . . Follow-up Attacks . | . . . . . . . . . . . . . . . . . . . . . . . . Damage Inflicted 56872 | . 1129 1723 419 106 2138 1396 4469 472 1435 572 . 3887 3769 1407 2409 3059 2687 5636 9374 1233 2124 703 6725 Guns 35708 | . 1006 261 . 106 1398 1396 3459 103 . . . 751 3387 1407 1336 2522 2246 3905 5411 . 1986 703 4325 Cannons 6462 | . . 846 419 . . . . 71 51 . . 1724 . . . 204 . 600 . 147 . . 2400 Explosions 6011 | . 123 616 . . 740 . 391 298 1384 . . 289 . . . 333 441 . 1396 . . . . Melee 8672 | . . . . . . . 600 . . 572 . 1123 382 . 1073 . . 1131 2567 1086 138 . . Ramming 19 | . . . . . . . 19 . . . . . . . . . . . . . . . . Kinetic 23874 | . 1006 955 . . 207 175 59 34 51 . . 933 3171 1407 1336 2726 2246 3905 5411 147 105 . . Thermal 12746 | . . 768 419 106 1931 1221 3114 140 . . . 1831 216 . . . . 600 . . . . 2400 Explosive 4366 | . 123 . . . . . 391 298 1384 . . . . . . 333 441 . 1396 . . . . Electromagnetic 286 | . . . . . . . 286 . . . . . . . . . . . . . . . . Impact . | . . . . . . . . . . . . . . . . . . . . . . . . Slashing 15581 | . . . . . . . 600 . . 572 . 1123 382 . 1073 . . 1131 2567 1086 2019 703 4325 Piercing . | . . . . . . . . . . . . . . . . . . . . . . . . Highest Corruption 16 | . 1 1 1 . . 4 16 6 6 6 6 6 6 6 6 15 5 8 16 16 16 . 4 Average Corruption 6 | . 1 1 1 . . 4 10 6 6 6 6 4 6 6 5 12 2 4 6 16 16 . 3 Corruption Purged 31 | . . 1 . . . . 15 . . . . . . . 6 . . . . . . . 9 Corruption Blocked 17 | . . . . . 4 11 . . . . . . . . . . . . . 2 . . . Effects 466 | . 4 18 3 . . 6 83 21 17 6 28 17 40 15 2 10 24 29 44 36 38 . 25 Message Errors 100 | . 3 6 1 . . 1 11 4 6 . 4 5 9 4 1 . 7 10 10 8 3 . 7 Matter Fused 106 | . 1 4 . . . 2 21 7 4 2 6 . 9 2 . 2 6 5 10 7 11 . 7 Heat Flow Errors 56 | . . 2 1 . . . 9 2 1 1 2 1 7 2 . 2 5 3 6 3 6 . 3 Energy Discharges 56 | . . 3 1 . . 1 15 3 1 1 5 3 4 2 . 1 1 1 3 6 4 . 1 Parts Rejected 6 | . . . . . . . 1 . . . . . . 1 . . . . 1 2 1 . . Parts Fused 3 | . . . . . . . 1 . . . . 1 . . . . . . 1 . . . . Data Loss (minor) 53 | . . . . . . 2 13 2 1 . 6 5 5 1 1 . 1 3 4 5 1 . 3 Data Loss (major) 25 | . . 3 . . . . 5 . 2 . 2 1 3 . . 1 2 . 2 3 1 . . Misfires 24 | . . . . . . . 2 2 2 1 1 1 2 1 . 1 1 2 3 1 3 . 1 Alerts 16 | . . . . . . . 3 1 . 1 2 . 1 . . 1 1 2 1 . . . 3 Misdirections 10 | . . . . . . . . . . . . . . . . . . . 3 1 6 . . Weapon Failures 11 | . . . . . . . 2 . . . . . . 2 . 2 . 3 . . 2 . . Overload Shots 12 | . . . . . 8 . . . . . . . . . . . 2 . . . . . 2 Effects 2 | . . . . . 2 . . . . . . . . . . . . . . . . . . Heat Surge 2 | . . . . . 2 . . . . . . . . . . . . . . . . . . Overflow Damage 1710 | . . 33 . . 59 . 10 34 95 300 . 280 89 . 251 10 10 289 177 73 . . . Projectiles 219 | . . . . . . . . . . . . 54 . . . 10 . 155 . . . . . Explosions 382 | . . 33 . . 59 . 10 34 95 . . 93 . . . . 10 . 48 . . . . Melee 1109 | . . . . . . . . . . 300 . 133 89 . 251 . . 134 129 73 . . . Knockbacks 13 | . . . . . . . 1 . . . . 7 . . . 3 . . . 2 . . . Impact 1 | . . . . . . . 1 . . . . . . . . . . . . . . . . Kinetic 11 | . . . . . . . . . . . . 6 . . . 3 . . . 2 . . . Secondary 1 | . . . . . . . . . . . . 1 . . . . . . . . . . . Self-Inflicted Damage 41 | . . 38 . . . . . . 3 . . . . . . . . . . . . . . Shots 3 | . . 2 . . . . . . 1 . . . . . . . . . . . . . . Rammed . | . . . . . . . . . . . . . . . . . . . . . . . . Targets Rammed 1 | . . . . . . . 1 . . . . . . . . . . . . . . . . Kicked 1 | . . . . . . . 1 . . . . . . . . . . . . . . . . Crushed . | . . . . . . . . . . . . . . . . . . . . . . . . Highest Temperature 442 | . 12 222 442 105 233 195 211 180 252 168 233 276 260 118 113 247 304 195 250 217 263 140 426 Average Temperature 83 | . 6 48 174 58 100 86 88 45 119 61 98 79 88 54 61 80 87 65 51 96 81 61 81 Received Heat Transfer 3153 | . 168 132 114 24 81 . 277 33 30 . 9 436 329 . 18 12 18 81 657 144 135 9 446 Effects 12 | . . . 4 . 1 . . . . . . 4 3 . . . . . . . . . . Shutdowns 1 | . . . 1 . . . . . . . . . . . . . . . . . . . . Interference 10 | . . . 2 . 1 . . . . . . 4 3 . . . . . . . . . . Short Circuit 1 | . . . 1 . . . . . . . . . . . . . . . . . . . . Siege Activations . | . . . . . . . . . . . . . . . . . . . . . . . . Martial Activations . | . . . . . . . . . . . . . . . . . . . . . . . . Shielding Activations . | . . . . . . . . . . . . . . . . . . . . . . . . Robots Disrupted . | . . . . . . . . . . . . . . . . . . . . . . . . Combat Hostiles . | . . . . . . . . . . . . . . . . . . . . . . . . Robots Corrupted . | . . . . . . . . . . . . . . . . . . . . . . . . Combat Hostiles . | . . . . . . . . . . . . . . . . . . . . . . . . Parts Fried 1 | . . . . . . . . . . . . . . . . . . . . . . 1 . Impact Corruptions . | . . . . . . . . . . . . . . . . . . . . . . . . Robots Melted 5 | . . 2 . . . . 3 . . . . . . . . . . . . . . . . Combat Hostiles 5 | . . 2 . . . . 3 . . . . . . . . . . . . . . . . Parts Melted 41 | . . 2 1 . 10 4 21 1 . . . 1 1 . . . . . . . . . . Heat Transferred 15838 | . . 1012 555 50 3125 2787 5926 185 . . . 1902 296 . . . . . . . . . . Parts Sabotaged . | . . . . . . . . . . . . . . . . . . . . . . . . Parts Stolen . | . . . . . . . . . . . . . . . . . . . . . . . . Parts Stripped . | . . . . . . . . . . . . . . . . . . . . . . . . Power Chain Reactions 1 | . . . . . . . . . . . . . . . . . . . 1 . . . . Alert | -11 -10 -10 -7 -7 -5 -5 -5 -5 -5 -5 -4 -4 -4 -4 -4 -4 -3 -3 -2 -2 -2 -1 -1 ------- Run | Yrd Mat Sub Rec Scr Fac Was Fac Upp Upp Zhi Pro Fac Ext Cet Arc Hub Res Qua Res Tes Sec Acc Com Maximum Alert Level 5 | . . . . . . . 3 . . . . 3 3 2 1 2 2 3 5 4 5 5 5 Low Security (%) 33 | 100 100 . 100 . 100 100 65 . . . . 45 2 . 3 20 . . 8 . . . . Level 1 16 | . . . . . . . 14 . . . . 38 74 3 96 33 31 18 4 . . . . Level 2 16 | . . . . . . . 17 . . . . 13 7 96 . 45 68 3 19 . 43 . . Level 3 10 | . . . . . . . 1 . . . . 2 15 . . . . 77 15 65 3 . . Level 4 7 | . . . . . . . . . . . . . . . . . . . 42 34 . 15 8 Level 5 10 | . . . . . . . . . . . . . . . . . . . . . . . 91 High Security 1 | . . . . . . . . . . . . . . . . . . . 9 . . . . Max Security 3 | . . . . . . . . . . . . . . . . . . . . . 52 85 . Peak Influence 2323 | . 99 . 114 . 196 43 875 . . . . 771 743 553 334 662 614 893 1915 1172 2323 2316 1681 Initial 1481 | . . . 114 . . 43 . . . . . . 359 385 191 95 342 238 413 1100 542 1393 1481 Average 492 | . 43 . 19 . 45 8 180 . . . . 206 380 492 292 393 459 690 1050 1060 1305 1789 1493 Influence Increases 15785 | . 477 285 248 . 581 . 1427 105 195 15 45 1231 1228 397 303 907 935 1125 2810 479 1270 842 880 Destroy 0b10 Robot/C 6000 | . 280 200 60 . 320 . 840 80 180 . . 520 520 160 80 280 320 440 1140 240 140 60 140 Destroy 0b10 Robot/NC 460 | . 45 . 5 . . . 30 . 5 15 . 35 30 10 45 40 30 55 60 15 . 20 20 Destroy Leader 1016 | . 70 10 . . 60 . 150 10 10 . . 102 64 . . 74 82 66 198 20 40 36 24 Allied During Kill 1307 | . . . . . . . 32 . . . . 73 459 170 125 156 46 . 212 . . 30 4 Successful Hack 799 | . 38 . 74 . 39 . 63 . . . . 60 35 . . 28 41 263 73 21 64 . . Select Force Hacks 140 | . . . 90 . . . . . . . . . . . . . . . 50 . . . . Disable Machine 1245 | . . . 15 . 60 . 135 . . . . 105 . 15 15 165 105 165 45 75 165 60 120 Destroy Structure 2658 | . 14 . 4 . 72 . 72 . . . . 216 120 42 38 164 236 136 582 48 111 291 512 Partial Spotted 150 | . . . . . . . 15 . . . . 15 . . . . . . 60 15 30 15 . Lose Combat Pursuer 2010 | . 30 75 . . 30 . 90 15 . . 45 105 . . . . 75 . 390 45 720 330 60 Influence Decreases 14695 | . 438 86 486 . 456 125 559 690 349 144 45 498 1272 608 507 529 1163 814 1640 1448 773 1080 985 Entered New Map 5715 | . . 19 124 . . 82 . 322 55 129 . . 374 304 287 179 310 186 322 834 423 930 835 Time Decay 5963 | . 428 67 358 . 270 43 359 368 294 15 45 388 518 214 160 180 583 458 591 334 150 30 110 Lost Part 624 | . 10 . 4 . . . 80 . . . . 50 30 10 . 10 30 20 180 130 50 . 20 Lost Ally 1140 | . . . . . . . 40 . . . . 60 200 80 60 160 240 . 160 . . 120 20 Purge Threat 1253 | . . . . . 186 . 80 . . . . . 150 . . . . 150 387 150 150 . . Squads Dispatched 147 | . 3 . . . 8 . 15 . . . . 12 4 . . 2 15 5 28 6 25 20 4 Investigation 43 | . . . . . 6 . 7 . . . . 5 3 . . . 12 1 6 . 1 . 2 Extermination 24 | . . . . . 2 . 5 . . . . 3 . . . 1 . 3 6 2 1 . 1 Reinforcement 22 | . 3 . . . . . 2 . . . . 3 1 . . 1 3 . 2 4 2 . 1 Assault 58 | . . . . . . . 1 . . . . 1 . . . . . 1 14 . 21 20 . Garrison . | . . . . . . . . . . . . . . . . . . . . . . . . Intercept . | . . . . . . . . . . . . . . . . . . . . . . . . Searches Triggered . | . . . . . . . . . . . . . . . . . . . . . . . . Unchained Authorized 1 | . . . . . . . . . . . . . . . . . . . . 1 . . . Construction Impeded 7 | . . . . . . . 1 . . . . 1 1 . . 1 . . 1 2 . . . Haulers Reinforced 2 | . . . . . . . . . . . . 1 . . . . 1 . . . . . . Active Scanning Responses . | . . . . . . . . . . . . . . . . . . . . . . . . Cargo Convoy Interrupts . | . . . . . . . . . . . . . . . . . . . . . . . . Stealth | -11 -10 -10 -7 -7 -5 -5 -5 -5 -5 -5 -4 -4 -4 -4 -4 -4 -3 -3 -2 -2 -2 -1 -1 --------- Run | Yrd Mat Sub Rec Scr Fac Was Fac Upp Upp Zhi Pro Fac Ext Cet Arc Hub Res Qua Res Tes Sec Acc Com Distress Signals 65 | . 3 . . . . . 2 . . . . 5 1 2 . 4 5 3 5 . 5 5 25 Communications Jammed 13 | . . . . . . . . . . . . . . . . . . . . . 13 . . Distress Signals 11 | . . . . . . . . . . . . . . . . . . . . . 11 . . Times Spotted 579 | . 27 20 2 4 18 5 63 3 6 . 5 37 29 8 13 13 27 26 104 22 93 27 27 Peak Tracking Total 23 | . 3 3 2 2 5 4 7 2 5 . 3 7 7 5 2 4 5 7 12 7 23 14 16 Tactical Retreats 61 | . 1 1 . . 2 . 6 1 . . 2 5 . . . . 4 . 12 3 11 7 6 ECM-based Alert Blocks 4 | . . . . . . . . . . . . . . . . . . . . . . . 4 Traps | -11 -10 -10 -7 -7 -5 -5 -5 -5 -5 -5 -4 -4 -4 -4 -4 -4 -3 -3 -2 -2 -2 -1 -1 ------- Run | Yrd Mat Sub Rec Scr Fac Was Fac Upp Upp Zhi Pro Fac Ext Cet Arc Hub Res Qua Res Tes Sec Acc Com Traps Triggered 37 | . 2 . . . 1 . 4 . . . . 6 2 . . 1 4 2 4 4 1 3 3 Indirectly . | . . . . . . . . . . . . . . . . . . . . . . . . Trap Hack Attempts . | . . . . . . . . . . . . . . . . . . . . . . . . Triggered . | . . . . . . . . . . . . . . . . . . . . . . . . Disarmed . | . . . . . . . . . . . . . . . . . . . . . . . . Reprogrammed . | . . . . . . . . . . . . . . . . . . . . . . . . Reused . | . . . . . . . . . . . . . . . . . . . . . . . . Traps Extracted . | . . . . . . . . . . . . . . . . . . . . . . . . Installed . | . . . . . . . . . . . . . . . . . . . . . . . . Triggered . | . . . . . . . . . . . . . . . . . . . . . . . . Most Traps Carried 1 | . . 1 . . . . . . . . . . . . . . . . . . . . . Machines | -11 -10 -10 -7 -7 -5 -5 -5 -5 -5 -5 -4 -4 -4 -4 -4 -4 -3 -3 -2 -2 -2 -1 -1 ---------- Run | Yrd Mat Sub Rec Scr Fac Was Fac Upp Upp Zhi Pro Fac Ext Cet Arc Hub Res Qua Res Tes Sec Acc Com Machines Disabled 95 | . . 5 1 1 4 . 9 . . . . 7 1 1 1 11 7 13 3 5 14 4 8 Max in Single Turn 3 | . . 3 1 1 3 . 1 . . . . 3 1 1 1 2 1 2 1 1 2 1 1 Garrison Access 6 | . . . . . 1 . 1 . . . . 1 . . . . . 1 2 . . . . Network Hub 1 | . . . . . . . . . . . . . . . . 1 . . . . . . . Energy Cycler 1 | . . . . . . . . . . . . . . . . . . . . . . 1 . Machines Repaired . | . . . . . . . . . . . . . . . . . . . . . . . . Machines Dismantled 2 | . . . . . . . . . . . . . . 1 . 1 . . . . . . . Machines Sabotaged . | . . . . . . . . . . . . . . . . . . . . . . . . Overloaded Fab Kills 3 | . . . . . . . . . . . . . . . . . . . 3 . . . . Hacking | -11 -10 -10 -7 -7 -5 -5 -5 -5 -5 -5 -4 -4 -4 -4 -4 -4 -3 -3 -2 -2 -2 -1 -1 --------- Run | Yrd Mat Sub Rec Scr Fac Was Fac Upp Upp Zhi Pro Fac Ext Cet Arc Hub Res Qua Res Tes Sec Acc Com Machines Accessed 170 | . 7 4 10 4 12 . 23 1 1 4 . 13 15 . . 4 13 20 21 7 6 . 5 Terminals 87 | . 5 . 6 . 6 . 8 . 1 . . 7 13 . . 4 3 14 9 3 4 . 4 Fabricators 10 | . . . . . 1 . 3 . . . . 1 . . . . 2 . 3 . . . . Repair Stations 12 | . 1 . . . . . 3 . . . . 1 . . . . 1 2 . 2 2 . . Recycling Units 28 | . 1 . 4 . 3 . 6 . . . . 3 2 . . . 4 . 4 . . . 1 Scanalyzers 11 | . . . . . 1 . 2 . . . . . . . . . 1 3 3 1 . . . Garrison Access 9 | . . . . . 1 . 1 . . . . 1 . . . . 2 1 2 1 . . . Total Hacks 513 | . 26 6 34 15 46 . 59 1 1 17 . 37 32 . . 9 30 60 78 17 33 . 12 Successful 265 | . 10 6 19 15 30 . 37 1 1 17 . 19 18 . . 2 11 33 28 6 11 . 1 Failed 246 | . 15 . 14 . 16 . 22 . . . . 18 14 . . 7 19 27 50 11 22 . 11 Catastrophic 47 | . 2 . 1 . 2 . 4 . . . . 1 1 . . 2 3 5 10 5 5 . 6 Database Lockouts 2 | . 1 . 1 . . . . . . . . . . . . . . . . . . . . Manual 206 | . 16 . 22 . 17 . 24 . . . . 17 9 1 . 1 11 20 39 2 15 . 12 Terminals 288 | . 21 . 24 . 24 . 25 . 1 . . 22 27 . . 9 7 42 36 10 30 . 10 Fabricators 35 | . . . . . 3 . 10 . . . . 5 . . . . 3 . 14 . . . . Repair Stations 25 | . 3 . . . . . 5 . . . . 1 . . . . 3 5 . 5 3 . . Recycling Units 66 | . 2 . 10 . 9 . 12 . . . . 7 5 . . . 8 . 11 . . . 2 Scanalyzers 40 | . . . . . 7 . 6 . . . . . . . . . 3 12 11 1 . . . Garrison Access 20 | . . . . . 3 . 1 . . . . 2 . . . . 6 1 6 1 . . . Terminal Hacks 120 | . 5 6 8 15 9 . 10 1 1 17 . 7 12 . . 2 1 13 4 3 6 . . Record 21 | . . 3 . 9 . . . . 1 5 . . . . . . . 3 . . . . . Part Schematic 11 | . 1 . 4 . . . . . . 4 . 1 1 . . . . . . . . . . Robot Schematic 1 | . . . 1 . . . . . . . . . . . . . . . . . . . . Robot Analysis 14 | . 1 . 3 5 . . . . . 4 . . . . . . . 1 . . . . . Prototype ID Bank 5 | . . . . . . . 1 . . 4 . . . . . . . . . . . . . Open Door 11 | . . 1 . . . . . 1 . . . 1 6 . . . . 1 . . 1 . . Level Access Points 1 | . . . . . . . 1 . . . . . . . . . . . . . . . . Branch Access Points 1 | . . . . . . . 1 . . . . . . . . . . . . . . . . Emergency Access Points 1 | . . . . . . . . . . . . . . . . . . . . . 1 . . Terminal Index 1 | . . . . . . . . . . . . 1 . . . . . . . . . . . Recycling Unit Index 1 | . . . . . . . . . . . . 1 . . . . . . . . . . . Garrison Index 1 | . . . . . 1 . . . . . . . . . . . . . . . . . . Alert Level 6 | . . . . . 1 . 1 . . . . . 1 . . . . 2 1 . . . . Unreport Threat 10 | . . . . . 2 . 1 . . . . . 1 . . . . 1 3 1 1 . . Locate Traps 14 | . 1 . . . 2 . 1 . . . . . 3 . . 1 . 4 . 1 1 . . Reprogram Traps 1 | . . . . . . . . . . . . . . . . . . . . . 1 . . Recall Investigation 2 | . . . . . 1 . 1 . . . . . . . . . . . . . . . . Recall Reinforcements 1 | . . . . . . . . . . . . 1 . . . . . . . . . . . Hauler Manifests 1 | . 1 . . . . . . . . . . . . . . . . . . . . . . Registered Components 6 | . 1 . . . 1 . 1 . . . . 1 . . . . 1 1 . . . . . Registered Prototypes 2 | . . . . . . . 1 . . . . 1 . . . . . . . . . . . Zone Layout 5 | . . . . . 1 . 1 . . . . . . . . 1 . . . 1 1 . . Proto ID Catalog 2 | . . 1 . 1 . . . . . . . . . . . . . . . . . . . Release Object 1 | . . 1 . . . . . . . . . . . . . . . . . . . . . Fabricator Hacks 11 | . . . . . 2 . 6 . . . . 1 . . . . . . 2 . . . . Network Status 1 | . . . . . . . . . . . . . . . . . . . 1 . . . . Load Schematic 5 | . . . . . 1 . 3 . . . . 1 . . . . . . . . . . . Build 5 | . . . . . 1 . 3 . . . . . . . . . . . 1 . . . . Repair Station Hacks 14 | . 1 . . . . . 4 . . . . . . . . . 2 4 . 2 1 . . Scan Component 7 | . . . . . . . 2 . . . . . . . . . 1 2 . 2 . . . Repair 5 | . . . . . . . 2 . . . . . . . . . 1 2 . . . . . Refit 2 | . 1 . . . . . . . . . . . . . . . . . . . 1 . . Recycling Unit Hacks 11 | . . . 2 . 3 . 2 . . . . 2 1 . . . 1 . . . . . . Retrieve Components 11 | . . . 2 . 3 . 2 . . . . 2 1 . . . 1 . . . . . . Scanalyzer 29 | . . . . . 7 . 4 . . . . . . . . . 2 8 7 1 . . . Insert Component 6 | . . . . . 2 . 1 . . . . . . . . . . 3 . . . . . Analyze 8 | . . . . . 3 . 1 . . . . . . . . . . 4 . . . . . Retrieve Study 15 | . . . . . 2 . 2 . . . . . . . . . 2 1 7 1 . . . Garrison Access Hacks 6 | . . . . . 1 . 1 . . . . 1 . . . . . 1 2 . . . . Seal Access 6 | . . . . . 1 . 1 . . . . 1 . . . . . 1 2 . . . . Unauthorized Hacks 74 | . 4 . 9 . 8 . 10 . . . . 8 5 . . . 5 7 13 . 4 . 1 Terminals 42 | . 4 . 6 . 6 . 3 . . . . 3 3 . . . 1 7 6 . 3 . . Botnet 41 | . 4 . 6 . 5 . 3 . . . . 3 3 . . . 1 7 6 . 3 . . Operators 1 | . . . . . 1 . . . . . . . . . . . . . . . . . . Fabricators 8 | . . . . . . . 3 . . . . 1 . . . . . . 4 . . . . Report 1 | . . . . . . . . . . . . . . . . . . . 1 . . . . Prioritize 4 | . . . . . . . 3 . . . . 1 . . . . . . . . . . . Liberate 1 | . . . . . . . . . . . . . . . . . . . 1 . . . . Fabnet 1 | . . . . . . . . . . . . . . . . . . . 1 . . . . Overload 1 | . . . . . . . . . . . . . . . . . . . 1 . . . . Repair Stations 3 | . . . . . . . 1 . . . . 1 . . . . . . . . 1 . . Patch 3 | . . . . . . . 1 . . . . 1 . . . . . . . . 1 . . Recycling Units 21 | . . . 3 . 2 . 3 . . . . 3 2 . . . 4 . 3 . . . 1 Tunnel 3 | . . . 3 . . . . . . . . . . . . . . . . . . . . Fedlink 9 | . . . . . 2 . 2 . . . . 2 1 . . . 1 . 1 . . . . Scrapoids 8 | . . . . . . . 1 . . . . 1 1 . . . 3 . 2 . . . . Scraphulk 1 | . . . . . . . . . . . . . . . . . . . . . . . 1 Scanalyzers . | . . . . . . . . . . . . . . . . . . . . . . . . Garrison Access . | . . . . . . . . . . . . . . . . . . . . . . . . Data Cores Recovered 2 | . . . . . . . 1 . . . . . . . . . . . 1 . . . . Used . | . . . . . . . . . . . . . . . . . . . . . . . . Hacking Detections 123 | . 7 . 9 . 10 . 17 . . . . 11 10 . . 4 10 14 16 7 4 . 4 Full Trace Events 20 | . . . 7 . 4 . 3 . . . . 1 1 . . . 2 . 2 . . . . Feedback Events 1 | . . . 1 . . . . . . . . . . . . . . . . . . . . Corruption 1 | . . . 1 . . . . . . . . . . . . . . . . . . . . Feedback Blocked . | . . . . . . . . . . . . . . . . . . . . . . . . Robot Schematics Acquired 1 | . . . 1 . . . . . . . . . . . . . . . . . . . . Robots Built . | . . . . . . . . . . . . . . . . . . . . . . . . Authchips . | . . . . . . . . . . . . . . . . . . . . . . . . Time . | . . . . . . . . . . . . . . . . . . . . . . . . Total Robot Build Rating . | . . . . . . . . . . . . . . . . . . . . . . . . Part Schematics Acquired 54 | . 1 . 4 13 12 1 11 2 . 5 . 1 2 . . . . 2 . . . . . Parts Built 6 | . . . . . 1 . 3 . . . . . . . . . . . 2 . . . . Authchips 2 | . . . . . . . 2 . . . . . . . . . . . . . . . . Time 361 | . . . . . 84 . 138 . . . . . . . . . . . 139 . . . . Total Part Build Rating 42 | . . . . . 4 . 20 . . . . . . . . . . . 18 . . . . Part Studies Acquired 15 | . . . . . 2 . 2 . . . . . . . . . 2 1 7 1 . . . Parts Repaired 5 | . . . . . . . 2 . . . . . . . . . 1 2 . . . . . Time 290 | . . . . . . . 146 . . . . . . . . . 68 76 . . . . . Parts Recycled . | . . . . . . . . . . . . . . . . . . . . . . . . Recycled Matter . | . . . . . . . . . . . . . . . . . . . . . . . . Retrieved Matter . | . . . . . . . . . . . . . . . . . . . . . . . . Retrieved Components 29 | . . . 10 . 8 . 3 . . . . 4 2 . . . 2 . . . . . . Parts Scanalyzed 4 | . . . . . 1 . 1 . . . . . . . . . . 2 . . . . . Part Schematics Acquired 4 | . . . . . 1 . 1 . . . . . . . . . . 2 . . . . . Parts Damaged . | . . . . . . . . . . . . . . . . . . . . . . . . Bothacking | -11 -10 -10 -7 -7 -5 -5 -5 -5 -5 -5 -4 -4 -4 -4 -4 -4 -3 -3 -2 -2 -2 -1 -1 ------------ Run | Yrd Mat Sub Rec Scr Fac Was Fac Upp Upp Zhi Pro Fac Ext Cet Arc Hub Res Qua Res Tes Sec Acc Com Used RIF Installer . | . . . . . . . . . . . . . . . . . . . . . . . . Robots Hacked 3 | . . . 1 1 . . . . . . . . . . . . . . . . . . 1 Non-combat 1 | . . . 1 . . . . . . . . . . . . . . . . . . . . Combat 2 | . . . . 1 . . . . . . . . . . . . . . . . . . 1 Robot Hacks Applied 3 | . . . 1 1 . . . . . . . . . . . . . . . . . . 1 parse_system 3 | . . . 1 1 . . . . . . . . . . . . . . . . . . 1 Relay Couplers Released . | . . . . . . . . . . . . . . . . . . . . . . . . Fabnet Peak Effective % . | . . . . . . . . . . . . . . . . . . . . . . . . Robots Rewired 12 | . . . . . . . . . . . . . 12 . . . . . . . . . . Allies Hacked 1 | . . . . . . . . . . . . . . . . . . . 1 . . . . Hacks Repelled . | . . . . . . . . . . . . . . . . . . . . . . . . Allies | -11 -10 -10 -7 -7 -5 -5 -5 -5 -5 -5 -4 -4 -4 -4 -4 -4 -3 -3 -2 -2 -2 -1 -1 -------- Run | Yrd Mat Sub Rec Scr Fac Was Fac Upp Upp Zhi Pro Fac Ext Cet Arc Hub Res Qua Res Tes Sec Acc Com Total Allies 146 | . . . . . . . 5 . . . . 5 25 5 . . 15 . 10 . . 33 48 Largest Group 18 | . . . . . . . 4 . . . . 5 14 18 14 8 5 . 5 . . 6 7 Highest-Rated Group 1117 | . . . . . . . 188 . . . . 227 683 1117 945 551 326 . 323 . . 82 139 Highest-Rated Ally 159 | . . . . . . . 47 . . . . 47 159 152 152 96 67 . 67 . . 15 139 Total Orders . | . . . . . . . . . . . . . . . . . . . . . . . . Ally Attacks 515 | . . . . . . . 27 . . . . 53 125 40 24 31 52 . 122 . . 34 7 Total Damage 16586 | . . . . . . . 1924 . . . . 1123 3340 1443 917 1787 2141 . 3046 . . 454 411 Kills 61 | . . . . . . . 6 . . . . 6 12 6 5 4 7 . 12 . . 2 1 Allies Corrupted 5 | . . . . . . . . . . . . . . . . 4 . . . . . 1 . Allies Melted 2 | . . . . 2 . . . . . . . . . . . . . . . . . . . Intel | -11 -10 -10 -7 -7 -5 -5 -5 -5 -5 -5 -4 -4 -4 -4 -4 -4 -3 -3 -2 -2 -2 -1 -1 ------- Run | Yrd Mat Sub Rec Scr Fac Was Fac Upp Upp Zhi Pro Fac Ext Cet Arc Hub Res Qua Res Tes Sec Acc Com Active Infowar (turns) 20715 | . 486 3099 20 . 1226 282 2222 846 659 222 986 1582 1326 128 321 181 1794 1148 2090 712 384 51 950 Optics 3390 | . . . . . . . . . . . . . . 2 . . 1398 1148 364 . 107 . 371 Sensors 18680 | . 486 3099 20 . 1226 282 2197 846 659 222 986 1517 1326 126 321 181 1446 856 2003 685 196 . . IFF 2 | . . . . . . . . . . . . . . . . . . . 2 . . . . Terrain 1 | . . . . . . . . . . . . . . . . . . . . 1 . . . Structural 5014 | . . . . . . . 1269 . . . . 729 448 . . . 953 651 939 25 . . . Machine Analysis 2 | . . . . . . . . . . . . . . . . . . . 2 . . . . Cloaking 1492 | . . . . . . . . . . . . . . . . . 103 498 891 . . . . Jamming 525 | . . . . . . . . . . . . . . . . . . . . 248 277 . . ECM 1003 | . . . . . . . . . . . . . . . . . . . . 2 . 51 950 Robot Analysis Total 14 | . 1 . 3 5 . . . . . 4 . . . . . . . 1 . . . . . Derelict Logs Recovered 8 | . . . . 4 . . . 1 2 . 1 . . . . . . . . . . . . Drone Launches . | . . . . . . . . . . . . . . . . . . . . . . . . Drone Recoveries . | . . . . . . . . . . . . . . . . . . . . . . . . Exploration | -11 -10 -10 -7 -7 -5 -5 -5 -5 -5 -5 -4 -4 -4 -4 -4 -4 -3 -3 -2 -2 -2 -1 -1 ------------- Run | Yrd Mat Sub Rec Scr Fac Was Fac Upp Upp Zhi Pro Fac Ext Cet Arc Hub Res Qua Res Tes Sec Acc Com Turns Passed 30626 | 42 1149 3793 1530 3891 1235 282 2265 846 659 222 986 1586 1421 459 321 377 1803 1148 2362 754 668 520 2307 Spaces Moved 27542 | 35 755 2489 898 2512 690 142 1394 1080 800 173 817 1102 936 237 201 223 1868 967 2556 900 1113 1045 4609 Core 1 | 1 . . . . . . . . . . . . . . . . . . . . . . . Treads . | . . . . . . . . . . . . . . . . . . . . . . . . Legs 8202 | . . . . 4 690 142 1022 . . . . . . . . . . . . . 690 1045 4609 Wheels 16472 | 34 755 2489 898 2508 . . 372 1080 800 173 817 1102 936 237 201 223 1868 967 1012 . . . . Hover 2867 | . . . . . . . . . . . . . . . . . . . 1544 900 423 . . Flight . | . . . . . . . . . . . . . . . . . . . . . . . . Fastest Speed 30 | 50 80 129 131 130 127 127 60 70 70 99 102 97 86 86 86 86 80 80 38 47 30 30 30 Average Speed 82 | 90 94 133 153 135 130 127 110 70 75 100 102 102 95 86 86 86 82 80 57 51 37 30 30 Slowest Speed 470 | 100 140 230 260 470 135 127 235 70 119 102 102 118 118 86 86 90 90 90 130 154 154 30 90 Overloaded Moves . | . . . . . . . . . . . . . . . . . . . . . . . . Propulsion Burnouts . | . . . . . . . . . . . . . . . . . . . . . . . . Robots Hopped . | . . . . . . . . . . . . . . . . . . . . . . . . Potential Cave-ins 57 | . . . . . . . . . . . . . . . . . . . . . 23 21 13 Cave-ins Triggered 1 | . . . . . . . . . . . . . . . . . . . . . . . 1 Teleports 2 | . . . . . . . . . . . . . . . . . . 1 . . 1 . . Exploration Rate (%) 68 | 3 95 97 99 95 21 80 39 92 88 60 86 23 87 73 87 29 66 98 67 59 74 34 90 Regions Visited 23 Branch Regions 15 Pre-discovered Areas 13 | . . . 3 5 1 . . . . 3 1 . . . . . . . . . . . . Known Exits Taken 14 | . . . . . . . 1 1 1 1 1 1 1 1 1 1 1 1 1 . 1 . . Unknown Exits Taken 7 | 1 1 1 1 1 . . . . . . . . . . . . . . . 1 . 1 . Scrap Searched 36 | . . 19 . 9 . . . 1 2 . 5 . . . . . . . . . . . . Spaces Dug 433 | . . 13 . . 8 . 11 . . . . 20 . . . . 10 18 54 6 60 120 113 Terrain Destroyed 1385 | . 15 92 4 . 49 . 16 27 126 1 1 77 68 10 27 68 89 67 213 15 77 152 191 Melee 90 | . . . . . . . 11 . . . . 6 . . . . 10 6 45 6 6 . . Projectile 835 | . . 6 4 . 8 . 1 1 9 1 1 33 68 10 27 60 47 61 117 . 71 119 191 AOE 447 | . 15 86 . . 41 . 4 26 117 . . 38 . . . 7 32 . 48 . . 33 . Terrain Rammed . | . . . . . . . . . . . . . . . . . . . . . . . . Walls Destroyed . | . . . . . . . . . . . . . . . . . . . . . . . . Machines Disabled . | . . . . . . . . . . . . . . . . . . . . . . . . Actions | -11 -10 -10 -7 -7 -5 -5 -5 -5 -5 -5 -4 -4 -4 -4 -4 -4 -3 -3 -2 -2 -2 -1 -1 --------- Run | Yrd Mat Sub Rec Scr Fac Was Fac Upp Upp Zhi Pro Fac Ext Cet Arc Hub Res Qua Res Tes Sec Acc Com Total 33646 | 42 1041 2850 1030 3019 950 186 1909 1159 841 216 971 1391 1403 468 316 335 2075 1227 3182 1125 1267 1203 5440 Wait 3380 | . 161 192 89 436 179 8 306 54 6 . 151 109 285 171 74 11 58 64 222 82 27 80 615 Move 27517 | 34 754 2488 897 2511 690 141 1393 1079 799 172 816 1101 935 236 200 222 1867 966 2555 898 1112 1044 4607 Hop . | . . . . . . . . . . . . . . . . . . . . . . . . Pick Up 229 | 2 11 23 18 23 8 1 16 4 6 9 1 5 7 6 2 4 17 13 9 3 6 1 34 Fast Attach 337 | 6 4 10 3 5 9 4 31 3 3 10 1 18 7 5 3 3 16 21 70 45 27 16 17 Attach 133 | . 1 8 3 7 8 . 8 3 7 2 . 6 4 4 . 1 10 8 17 5 11 3 17 Detach 73 | . 1 1 1 4 2 . 5 . . 2 . 3 2 1 . 1 3 2 10 7 10 6 12 Swap 192 | . 13 27 1 . 6 4 10 . . 1 . 8 8 7 2 9 19 30 33 3 1 . 10 Drop 422 | . 11 35 6 29 11 5 31 8 9 15 2 18 14 10 5 8 29 28 65 25 7 12 39 Fire 935 | . 85 66 11 3 37 23 81 8 11 . . 73 54 20 17 73 45 53 88 9 55 41 82 Melee 274 | . . . 1 1 . . 27 . . 5 . 26 5 . 13 . 11 42 105 27 11 . . Ram . | . . . . . . . . . . . . . . . . . . . . . . . . Kick 1 | . . . . . . . 1 . . . . . . . . . . . . . . . . Crush . | . . . . . . . . . . . . . . . . . . . . . . . . Escape Stasis 67 | . . . . . . . . . . . . 24 8 . . . . . 8 21 . . 6 Rewire 75 | . . . . . . . . . . . . . 74 . . . . . . . . . 1 Trap . | . . . . . . . . . . . . . . . . . . . . . . . . Miscellaneous 11 | . . . . . . . . . . . . . . 8 . 3 . . . . . . . Route ------- -11/Scrapyard -10/Materials (discovered 5 exits: [*Mat x3] / [*Min] / *Sub) -10/Subcaves (discovered 4 exits: [*Mat x2] / *Rec / *Scr) -7/Recycling (discovered 2 exits: *Fac / *Scr) -7/Scraptown (discovered 2 exits: *Fac x2) -5/Factory (discovered 2 exits: *Fac x2) -5/Waste -5/Factory (discovered 6 exits: Fac x4 / *Upp x2) -5/Upper Caves -5/Upper Caves (discovered 2 exits: *Fac / *Zhi) -5/Zhirov -4/Proximity Caves -4/Factory (discovered 4 exits: Res x2 / [*Upp] / *Ext) -4/Extension (discovered 2 exits: *Res / *Cet) -4/Cetus (discovered 2 exits: *Res / *Arc) -4/Archives (discovered 3 exits: *Res / *Hub x2) -4/Hub_04(d) (discovered 2 exits: *Res x2) -3/Research (discovered 5 exits: *Res x3 / *Arm / *Qua) -3/Quarantine -2/Research (discovered 4 exits: *Acc x3 / *Tes) -2/Testing (discovered 2 exits: *Sec / [*Frg]) -2/Section 7 -1/Access -1/Command (discovered 2 exits: [*Sur x2]) Tau Ceti IV Orbit History --------- Turn | Location | Event 20 | -11/Scrapyard | Discovered new exit (range 16) 43 | -11/Scrapyard | Entered Materials 314 | -10/Materials | Build established: Mutant 423 | -10/Materials | Discovered new exit (range 6) 462 | -10/Materials | Discovered new exit (range 9) 560 | -10/Materials | Discovered new exit (range 5) 887 | -10/Materials | Central database locked down 887 | -10/Materials | Discovered new exit (range 16) 1178 | -10/Materials | Discovered new exit (range 11) 1192 | -10/Materials | Entered Subcaves 1193 | -10/Subcaves | Approached by a straggling Scientist 1391 | -10/Subcaves | A swath of the cavern ceiling suddenly collapsed 1450 | -10/Subcaves | Shifting Twisted Machinery released Mak. System Restoration Module 1455 | -10/Subcaves | Shifting Twisted Machinery released Scrap Shield 1661 | -10/Subcaves | Scientist uncovered a shortcut to Scraptown 1925 | -10/Subcaves | Discovered new exit (range 15) 2156 | -10/Subcaves | Disturbed a concealed Subdweller 2302 | -10/Subcaves | Visited 4L-MR0's lab 2321 | -10/Subcaves | Found Cargo Legs 2716 | -10/Subcaves | Found SUBCON Basin 2948 | -10/Subcaves | Discovered new exit (range 7) 3525 | -10/Subcaves | A Subdweller sparked back to life 3525 | -10/Subcaves | A Subdweller sparked back to life 3582 | -10/Subcaves | Found Meta Core 3587 | -10/Subcaves | Attached Meta Core, gained temporary slots: Propulsion, Utility, Weapon 3659 | -10/Subcaves | Shifting Twisted Machinery released Battle Rifle 3659 | -10/Subcaves | Shifting Twisted Machinery released Sub. Machine Gun 3697 | -10/Subcaves | Disturbed a concealed Subdweller 3719 | -10/Subcaves | Core integrity fell below 50% 4007 | -10/Subcaves | A swath of the cavern ceiling suddenly collapsed 4172 | -10/Subcaves | Visited Clippyterm 4176 | -10/Subcaves | Learned Factory garrison access intel 4656 | -10/Subcaves | Discovered new exit (range 15) 4985 | -10/Subcaves | Entered Recycling 5243 | -7/Recycling | Scanned before Scraplab entrance 5269 | -7/Recycling | Entered Scraplab 5572 | -7/Recycling | Core integrity fell below 20% 5938 | -7/Recycling | Discovered new exit (range 16) 6512 | -7/Recycling | Discovered new exit (range 3) 6515 | -7/Recycling | Entered Scraptown 6515 | -7/Scraptown | System corruption cleaned by C-Scrubber 6916 | -7/Scraptown | Scanned Subdweller tech in exchange for log data 6919 | -7/Scraptown | Learned location of Warlord (-4) 6921 | -7/Scraptown | Learned location of Quarantine (-3) 6922 | -7/Scraptown | Learned location of Extension (-4) 6923 | -7/Scraptown | Learned location of 1 exit from Factory 6948 | -7/Scraptown | Discovered new exit (range 5) 7044 | -7/Scraptown | Visited Shadow of the Wyrm 7071 | -7/Scraptown | Visited Cyclists 7111 | -7/Scraptown | Visited TADAMA 7134 | -7/Scraptown | Visited CR-KLE's Repair Center 7159 | -7/Scraptown | Visited UFD Registry 7159 | -7/Scraptown | Registered with UFD as "Smoothdisc" 7287 | -7/Scraptown | Guru changed UFD alias to "Nanoframe" 7371 | -7/Scraptown | Entered Cyclist Reading Room 7376 | -7/Scraptown | Learned location of Zion (-7) 7597 | -7/Scraptown | Visited Awakened 7616 | -7/Scraptown | Visited Red Mages 7664 | -7/Scraptown | Visited Bundlers 8336 | -7/Scraptown | Visited Science Guys 8377 | -7/Scraptown | Visited LU-1G1's Boring Crew 8429 | -7/Scraptown | Visited Science Testing Area 8436 | -7/Scraptown | Received an X-ray algorithm 8475 | -7/Scraptown | Delivered Scrap Shield to a Scientist 8538 | -7/Scraptown | Tech Extrapolator generated special schematic: Machine Rigger 8696 | -7/Scraptown | Visited Derelict Rescue Squad 8704 | -7/Scraptown | Found DRS Beacon 8730 | -7/Scraptown | Visited Scrap Suit Storage 8788 | -7/Scraptown | Visited Analyses Database 8818 | -7/Scraptown | Visited Junk Repository 8859 | -7/Scraptown | Visited Junk Repository 8899 | -7/Scraptown | Visited Curators Association 8902 | -7/Scraptown | Tech Extrapolator generated special schematic: Deep Structural Scanner 8927 | -7/Scraptown | Visited Modified Component R&D 9096 | -7/Scraptown | CR-KLE repaired 4 parts 9269 | -7/Scraptown | Found Scrap Suit 9614 | -7/Scraptown | Discovered new exit (range 3) 9917 | -7/Scraptown | Met Optimus 9917 | -7/Scraptown | Accepted into 0bPrime 10317 | -7/Scraptown | Civil war broke out across Scraptown 10322 | -7/Scraptown | Found Prototype Wheel 10406 | -7/Scraptown | Entered Factory 10406 | -5/Factory | Evolved 10 slots: Propulsion x2, Utility x7, Weapon x1 10407 | -5/Factory | Identified exit to Factory 10408 | -5/Factory | Loaded intel: 4 garrison access locations 10409 | -5/Factory | Attached Cargo Legs, gained temporary slots: Utility x2 10430 | -5/Factory | Lost 7 allies 10822 | -5/Factory | Loaded intel: 8 recycling unit locations 10881 | -5/Factory | Identified Ballwheel 10983 | -5/Factory | Fabricated Deep Structural Scanner? 11066 | -5/Factory | Build established: Tank 11472 | -5/Factory | Discovered exit to Factory (range 16) 11561 | -5/Factory | Learned location of Protoforge (-2) 11587 | -5/Factory | Build established: Gunner 11641 | -5/Factory | Sucked down chute 11641 | -5/Factory | Entered Waste 11656 | -5/Waste | EMP discharged 11663 | -5/Waste | Spotted C-40 Crusher 11671 | -5/Waste | Spotted C-40 Crusher 11674 | -5/Waste | Destroyed C-40 Crusher 11679 | -5/Waste | Spotted C-40 Crusher 11682 | -5/Waste | Spotted C-40 Crusher 11694 | -5/Waste | Spotted C-40 Crusher 11698 | -5/Waste | Destroyed C-40 Crusher 11714 | -5/Waste | Destroyed C-40 Crusher 11754 | -5/Waste | Destroyed C-40 Crusher 11756 | -5/Waste | EMP discharged 11797 | -5/Waste | Destroyed C-40 Crusher 11856 | -5/Waste | EMP discharged 11895 | -5/Waste | Discovered new exit (range 15) 11922 | -5/Waste | Identified exit to Factory 11923 | -5/Waste | Entered Factory 12039 | -5/Factory | System corruption reached 10% 12097 | -5/Factory | Fabricated Deep Structural Scanner (x1) 12109 | -5/Factory | Repaired Broken Molecular Scythe? 12488 | -5/Factory | Build established: Assassin 12576 | -5/Factory | Loaded intel: 8 recycling unit locations 12755 | -5/Factory | Found Prototype Processor 12755 | -5/Factory | Identified Exp. Targeting Computer 12804 | -5/Factory | Tech Extrapolator generated special schematic: Energy Deflector 12807 | -5/Factory | Identified exit to Upper Caves 13151 | -5/Factory | Repaired Gatling Laser+ 13423 | -5/Factory | Fabricated Ovr. Railgun (x1) 13629 | -5/Factory | Fabricated Ovr. Railgun? 13676 | -5/Factory | Build established: Hacker-Mutant 14023 | -5/Factory | First assault squad dispatched 14089 | -5/Factory | Build established: Mutant 14141 | -5/Factory | Scrapoid reinforcements arrived 14176 | -5/Factory | Lost 4 allies 14188 | -5/Factory | Entered Upper Caves 14190 | -5/Upper Caves | UFD Scientist delivered a prototype 14192 | -5/Upper Caves | Found Prototype Protection 14192 | -5/Upper Caves | Identified Enh. Scrap Shield 14278 | -5/Upper Caves | Spotted B-75 Beast 14364 | -5/Upper Caves | Learned location of 1 exit from Factory 14830 | -5/Upper Caves | Discovered new exit (range 15) 14839 | -5/Upper Caves | Identified exit to Upper Caves 14938 | -5/Upper Caves | Attracted the attention of an 0b10 checkpoint 15034 | -5/Upper Caves | Entered another Upper Caves area 15119 | -5/Upper Caves | Found Imp. Powered Armor 15152 | -5/Upper Caves | Discovered exit to Factory (range 15) 15297 | -5/Upper Caves | Learned 4 Factory zone layouts 15342 | -5/Upper Caves | Encountered a Warlord checkpoint 15349 | -5/Upper Caves | Build established: Skirmisher 15374 | -5/Upper Caves | Learned location of 1 exit from Factory 15503 | -5/Upper Caves | Discovered new exit (range 15) 15514 | -5/Upper Caves | Identified exit to Zhirov 15693 | -5/Upper Caves | Entered Zhirov 15695 | -5/Zhirov | Discovered new exit (range 3) 15713 | -5/Zhirov | Met Zhirov 15735 | -5/Zhirov | Learned location of Command (-1) 15741 | -5/Zhirov | Zhirov requested help retrieving the SGEMP Prototype 15756 | -5/Zhirov | Found Alien Artifact 15756 | -5/Zhirov | Identified Integrated Reactor 15756 | -5/Zhirov | Installed Integrated Reactor, increased core energy generation (+10) 15771 | -5/Zhirov | Found Alien Artifact 15914 | -5/Zhirov | Identified exit to Proximity Caves 15915 | -5/Zhirov | Entered Proximity Caves 16103 | -4/Proximity Caves | Attracted the attention of an 0b10 checkpoint 16485 | -4/Proximity Caves | Received a Behemoth hack from an annoying Tinkerer 16891 | -4/Proximity Caves | Discovered exit to Factory (range 11) 16901 | -4/Proximity Caves | Entered Factory 16901 | -4/Factory | Evolved 2 slots: Propulsion x1, Utility x1 16902 | -4/Factory | Identified exit to Extension 16902 | -4/Factory | Identified exit to Research 17181 | -4/Factory | Loaded intel: 8 recycling unit locations 17206 | -4/Factory | Build established: Hacker-Skirmisher 18078 | -4/Factory | Discovered new exit (range 16) 18378 | -4/Factory | Build established: Hacker-Assassin 18401 | -4/Factory | First assault squad dispatched 18421 | -4/Factory | Scrapoid reinforcements arrived 18487 | -4/Factory | Entered Extension 18487 | -4/Extension | Accompanied by 1 ally 18558 | -4/Extension | Rescued a captive Derelict 18607 | -4/Extension | Loaded intel: 2 recycling unit locations 18633 | -4/Extension | Scrapoids reinforcements arrived? 18679 | -4/Extension | Rescued a captive Derelict 18680 | -4/Extension | Rescued a captive Derelict 18838 | -4/Extension | Lost 4 allies 18908 | -4/Extension | Lost 3 allies 19002 | -4/Extension | Rescued a captive Derelict 19005 | -4/Extension | Rescued a captive Derelict 19014 | -4/Extension | Rescued a captive Derelict 19351 | -4/Extension | Build established: Commander-Scrapper 19403 | -4/Extension | Spotted B-86 Titan 19409 | -4/Extension | Spotted B-86 Titan 19413 | -4/Extension | Allies destroyed B-86 Titan 19432 | -4/Extension | Destroyed B-86 Titan 19460 | -4/Extension | Lost 5 allies 19496 | -4/Extension | Rescued a captive Derelict 19586 | -4/Extension | Rescued A7 19804 | -4/Extension | Discovered exit to Research (range 10) 19805 | -4/Extension | Discovered new exit (range 6) 19827 | -4/Extension | Identified exit to Cetus 19908 | -4/Extension | Entered Cetus 19908 | -4/Cetus | Accompanied by 14 allies (A7) 19913 | -4/Cetus | Acquired a Cetus Manufacturing Module code from A7 19920 | -4/Cetus | Spotted Cetus Guard 19920 | -4/Cetus | Spotted Cetus Guard 19925 | -4/Cetus | Spotted Cetus Guard 19926 | -4/Cetus | Destroyed Cetus Guard 19933 | -4/Cetus | Destroyed Cetus Guard 19937 | -4/Cetus | Destroyed Cetus Guard 19998 | -4/Cetus | Started Cetus Manufacturing Module 20022 | -4/Cetus | Escorted A7 to Cetus Mainframe 20023 | -4/Cetus | Manufactured an Enhanced Grunt 20048 | -4/Cetus | Manufactured an Enhanced Grunt 20073 | -4/Cetus | Manufactured an Enhanced Grunt 20098 | -4/Cetus | Manufactured an Enhanced Grunt 20123 | -4/Cetus | Manufactured an Enhanced Grunt 20142 | -4/Cetus | Discovered new exit (range 16) 20196 | -4/Cetus | Spotted Cetus Guard 20196 | -4/Cetus | Spotted Cetus Guard 20201 | -4/Cetus | Spotted Cetus Guard 20209 | -4/Cetus | Destroyed Cetus Guard 20209 | -4/Cetus | Allies destroyed Cetus Guard 20210 | -4/Cetus | Spotted Cetus Guard 20218 | -4/Cetus | Allies destroyed Cetus Guard 20221 | -4/Cetus | Destroyed Cetus Guard 20229 | -4/Cetus | Discovered exit to Research (range 15) 20235 | -4/Cetus | Met Revision 17 20250 | -4/Cetus | Lost 4 allies 20318 | -4/Cetus | Identified exit to Archives 20367 | -4/Cetus | Entered Archives 20367 | -4/Archives | Accompanied by 14 allies (A7) 20372 | -4/Archives | Received a hacking code to weaken MAIN.C 20425 | -4/Archives | Discovered exit to Research (range 14) 20432 | -4/Archives | Lost 5 allies 20552 | -4/Archives | Discovered new exit (range 15) 20579 | -4/Archives | Discovered new exit (range 13) 20661 | -4/Archives | Identified exit to Hub_04(d) 20688 | -4/Archives | Entered Hub_04(d) 20688 | -4/Hub_04(d) | Accompanied by 8 allies 20771 | -4/Hub_04(d) | Discovered exit to Research (range 16) 20780 | -4/Hub_04(d) | Discovered exit to Research (range 16) 20846 | -4/Hub_04(d) | Network Hub disabled 20871 | -4/Hub_04(d) | Spotted Lightning 20871 | -4/Hub_04(d) | Spotted Lightning 20871 | -4/Hub_04(d) | Spotted Lightning 20879 | -4/Hub_04(d) | Destroyed Lightning 20891 | -4/Hub_04(d) | System corruption reached 10% 20892 | -4/Hub_04(d) | Destroyed Lightning 20900 | -4/Hub_04(d) | Destroyed Lightning 20902 | -4/Hub_04(d) | Lost 6 allies 20902 | -4/Hub_04(d) | Found Prototype Device 20904 | -4/Hub_04(d) | Found Exp. Targeting Computer 20916 | -4/Hub_04(d) | Spotted Lightning 20917 | -4/Hub_04(d) | Identified Exp. EM Shield 20918 | -4/Hub_04(d) | Spotted Lightning 20925 | -4/Hub_04(d) | Spotted Lightning 20928 | -4/Hub_04(d) | Destroyed 7 combat bots 20937 | -4/Hub_04(d) | Destroyed Lightning 20998 | -4/Hub_04(d) | Destroyed Lightning 21035 | -4/Hub_04(d) | Destroyed Lightning 21065 | -4/Hub_04(d) | Entered Research 21065 | -3/Research | Evolved 2 slots: Propulsion x1, Utility x1 21147 | -3/Research | Build established: Scavenger-Scrapper 21265 | -3/Research | Revision forces began assault on 0b10 21391 | -3/Research | Met up with Revision 17++ 21407 | -3/Research | Scrapoids reinforcements arrived? 21470 | -3/Research | Found Prototype Processor 21470 | -3/Research | Identified Spectral Analyzer 21535 | -3/Research | Lost 5 allies 21568 | -3/Research | Found Scrap Suit 21624 | -3/Research | Lost 3 allies 21659 | -3/Research | Loaded intel: 4 recycling unit locations 21765 | -3/Research | Research terminal network offline 21797 | -3/Research | Discovered new exit (range 7) 21803 | -3/Research | Identified exit to Research 21848 | -3/Research | Repaired Ovr. Railgun 22005 | -3/Research | Found Prototype Launcher 22018 | -3/Research | Identified Hellfire Missile Launcher 22057 | -3/Research | Discovered exit to Research (range 24) 22070 | -3/Research | Spotted Striker 22273 | -3/Research | Spotted B-86 Titan 22297 | -3/Research | Spotted Striker 22302 | -3/Research | Discovered new exit (range 10) 22302 | -3/Research | Discovered exit to Research (range 23) 22303 | -3/Research | Spotted Striker 22310 | -3/Research | Identified exit to Armory 22570 | -3/Research | Scrapoids reinforcements arrived? 22623 | -3/Research | Found Prototype Launcher 22623 | -3/Research | Identified Mni. Smartbomb Launcher 22636 | -3/Research | Lost 5 allies 22688 | -3/Research | Discovered new exit (range 6) 22699 | -3/Research | Identified exit to Quarantine 22767 | -3/Research | Scrapoid reinforcements arrived 22799 | -3/Research | Spotted Striker 22842 | -3/Research | Lost 4 allies 22859 | -3/Research | Spotted Striker 22868 | -3/Research | Entered Quarantine 22907 | -3/Quarantine | Found Alien Artifact 22975 | -3/Quarantine | Found Alien Energy Cannon 22975 | -3/Quarantine | Identified Core Cannon 23008 | -3/Quarantine | Identified Subatomic Replicator 23085 | -3/Quarantine | Cryocooling Duct disabled 23100 | -3/Quarantine | Ambient heat levels rising (+20) 23100 | -3/Quarantine | Non-combat units ordered to evacuate 23214 | -3/Quarantine | Spotted Alpha 7 23286 | -3/Quarantine | Destroyed Alpha 7 23324 | -3/Quarantine | Found Alien Launcher 23324 | -3/Quarantine | Identified Sigix Terminator 23393 | -3/Quarantine | Repaired Ovr. Railgun 23561 | -3/Quarantine | Found Alien Artifact 23561 | -3/Quarantine | Identified Core Reset Matrix 23561 | -3/Quarantine | Identified Transdimensional Reconstructor 23561 | -3/Quarantine | Used Core Reset Matrix 23565 | -3/Quarantine | Detected hypermatrix surge 23565 | -3/Quarantine | Sensed 8 artifacts in vicinity 23640 | -3/Quarantine | Repaired Centrium Medium Armor Plating 23705 | -3/Quarantine | Discovered exit to Research (range 23) 23816 | -3/Quarantine | Found Dimensional Node Initializer 23823 | -3/Quarantine | Found Hpw. Transdimensional Reconstructor 23868 | -3/Quarantine | First assault squad dispatched 23879 | -3/Quarantine | Initialized slip node 23932 | -3/Quarantine | Found Dimensional Node Initializer 23944 | -3/Quarantine | Met incapacitated Sigix Warrior 23944 | -3/Quarantine | Lockdown squad dispatched 23949 | -3/Quarantine | Acquired the access code to the Sigix quarantine chamber 23951 | -3/Quarantine | Unlocked Sigix quarantine chamber 23955 | -3/Quarantine | Found Sigix Containment Pod 23987 | -3/Quarantine | Warped through subspace to slip node 24016 | -3/Quarantine | Entered Research 24016 | -2/Research | Evolved 2 slots: Power x1, Utility x1 24161 | -2/Research | Spotted B-90 Cyclops 24263 | -2/Research | Spotted B-90 Cyclops 24348 | -2/Research | Fabricated Lgt. Quantum Reactor (x2) 24426 | -2/Research | Destroyed 8 combat bots 24498 | -2/Research | Found Prototype Device 24498 | -2/Research | Identified Exp. EM Disruption Field 24516 | -2/Research | First assault squad dispatched 24580 | -2/Research | Discovered new exit (range 13) 24596 | -2/Research | Identified exit to Access 24729 | -2/Research | Scrapoids reinforcements arrived? 24834 | -2/Research | Found Prototype Processor 24834 | -2/Research | Identified Exp. Core Analyzer 24914 | -2/Research | Loaded intel: 5 recycling unit locations 24995 | -2/Research | Lost 4 allies 25113 | -2/Research | Lost 3 parts (2u1w) 25222 | -2/Research | Lost 3 parts (1p1u1w) 25248 | -2/Research | Scrapoids reinforcements arrived? 25297 | -2/Research | Lost 5 allies 25337 | -2/Research | Discovered exit to Access (range 15) 25360 | -2/Research | Found Prototype Processor 25360 | -2/Research | Identified Exp. Signal Interpreter 25510 | -2/Research | Found Prototype Device 25510 | -2/Research | Identified Exp. Actuator Array 25692 | -2/Research | Build established: Scavenger-Mutant 25906 | -2/Research | Found Prototype Device 25906 | -2/Research | Identified Exp. Focal Shield 25907 | -2/Research | System corruption reached 10% 26161 | -2/Research | High security lockdown imminent 26185 | -2/Research | Destroyed 7 combat bots 26205 | -2/Research | Discovered exit to Access (range 8) 26241 | -2/Research | High security lockdown engaged 26275 | -2/Research | Found Unknown Device 26275 | -2/Research | Identified Quantum Capacitor 26326 | -2/Research | Spotted B-90 Cyclops 26368 | -2/Research | Discovered new exit (range 7) 26378 | -2/Research | Identified exit to Testing 26378 | -2/Research | Entered Testing 26465 | -2/Testing | Found Prototype Device 26465 | -2/Testing | Identified Exp. Shock Absorption System 26518 | -2/Testing | Found Prototype Ballistic Cannon 26518 | -2/Testing | Identified Perforator 26560 | -2/Testing | Unchained authorized (6S-H0T) 26612 | -2/Testing | Found Prototype Device 26612 | -2/Testing | Identified Exp. Transmission Jammer 26618 | -2/Testing | Destroyed 9 combat bots 26653 | -2/Testing | Found Prototype Ballistic Gun 26653 | -2/Testing | Identified Hyp. Multirail 26731 | -2/Testing | Lost 4 parts (4u) 26979 | -2/Testing | Lost 8 parts (2p1n4u1w) 26995 | -2/Testing | Build established: Mutant 27091 | -2/Testing | Spotted Fortress 27098 | -2/Testing | Core integrity fell below 50% 27129 | -2/Testing | Discovered new exit (range 6) 27129 | -2/Testing | Discovered new exit (range 7) 27132 | -2/Testing | Entered Section 7 27133 | -2/Section 7 | Detected hypermatrix surge 27133 | -2/Section 7 | Sensed 20 artifacts in vicinity 27149 | -2/Section 7 | Found Integrated Reactor 27149 | -2/Section 7 | Installed Integrated Reactor, increased core energy generation (+10) 27167 | -2/Section 7 | Spotted S7 Guard 27322 | -2/Section 7 | Found Integrated Mediator 27322 | -2/Section 7 | Installed Integrated Mediator, increased core attachment efficiency 27368 | -2/Section 7 | Spotted Executioner 27374 | -2/Section 7 | Spotted Executioner 27382 | -2/Section 7 | First assault squad dispatched 27386 | -2/Section 7 | Lost 4 parts (2p2u) 27401 | -2/Section 7 | Spotted B-99 Colossus 27427 | -2/Section 7 | Integrated with Sigix Exoskeleton 27428 | -2/Section 7 | Sigix Warrior commented on Exoskeleton integration 27465 | -2/Section 7 | Destroyed Executioner 27471 | -2/Section 7 | Spotted Executioner 27472 | -2/Section 7 | Spotted Executioner 27479 | -2/Section 7 | Spotted Striker 27480 | -2/Section 7 | Spotted Striker 27502 | -2/Section 7 | Found Sigix Sheargun 27504 | -2/Section 7 | Spotted Striker 27504 | -2/Section 7 | Spotted Striker 27530 | -2/Section 7 | Core integrity fell below 20% 27539 | -2/Section 7 | Destroyed Striker 27565 | -2/Section 7 | Destroyed Striker 27577 | -2/Section 7 | Warped through subspace 27581 | -2/Section 7 | Found Exp. Targeting Computer 27584 | -2/Section 7 | Sigix Exoskeleton integrity reduced to 80% 27586 | -2/Section 7 | Spotted Striker 27586 | -2/Section 7 | Spotted Executioner 27638 | -2/Section 7 | Spotted S7 Guard 27662 | -2/Section 7 | Found Integrated Mediator 27662 | -2/Section 7 | Installed Integrated Mediator, increased core attachment efficiency 27671 | -2/Section 7 | Discovered exit to Access (range 18) 27675 | -2/Section 7 | Found Integrated Mediator 27675 | -2/Section 7 | Installed Integrated Mediator, increased core attachment efficiency 27694 | -2/Section 7 | Spotted S7 Guard 27697 | -2/Section 7 | Found Core Regenerator 27697 | -2/Section 7 | Used Core Regenerator, restored core integrity (+362) 27707 | -2/Section 7 | Spotted Alpha 7 27708 | -2/Section 7 | Spotted Alpha 7 27732 | -2/Section 7 | Build established: Alien-Sigix 27751 | -2/Section 7 | Found LRC Inertial Stabilizer 27751 | -2/Section 7 | Installed LRC Inertial Stabilizer, increased mass support (+10) 27753 | -2/Section 7 | Found LRC Inertial Stabilizer 27753 | -2/Section 7 | Installed LRC Inertial Stabilizer, increased mass support (+10) 27774 | -2/Section 7 | Spotted Executioner 27774 | -2/Section 7 | Spotted Striker 27782 | -2/Section 7 | Spotted Striker 27782 | -2/Section 7 | Spotted Striker 27800 | -2/Section 7 | Entered Access 27800 | -1/Access | Evolved 2 slots: Utility x1, Weapon x1 27805 | -1/Access | Emitted hypermatrix ping 27810 | -1/Access | Assembled emerged from beneath the floor 27857 | -1/Access | Assembled emerged from beneath the floor 27881 | -1/Access | Assembled emerged from beneath the floor 27944 | -1/Access | Energy Cycler disabled 27978 | -1/Access | Assembled emerged from beneath the floor 28152 | -1/Access | Assembled emerged from beneath the floor 28273 | -1/Access | Discovered new exit (range 18) 28320 | -1/Access | Entered Command 28325 | -1/Command | Emitted hypermatrix ping 28330 | -1/Command | Assembled emerged from beneath the floor 28417 | -1/Command | Crushed by falling debris 28443 | -1/Command | Assembled emerged from beneath the floor 28468 | -1/Command | Scraphulk reinforcements arrived? 28514 | -1/Command | Spotted Combat Programmer 28545 | -1/Command | Met MAIN.C 28550 | -1/Command | 0b10 Conduit disabled 28550 | -1/Command | MAIN.C's shell transforms into a squad of autonomous robots 28550 | -1/Command | Destroyed MAIN.C Shell 28550 | -1/Command | Spotted M Shell/Def 28550 | -1/Command | Spotted M Shell/Atk 28550 | -1/Command | Spotted M Shell/Def 28550 | -1/Command | Spotted M Shell/Atk 28550 | -1/Command | Spotted M Shell/Atk 28550 | -1/Command | Spotted M Shell/Def 28550 | -1/Command | Spotted M Shell/Atk 28550 | -1/Command | Spotted M Shell/Def 28552 | -1/Command | MAIN.C activated Command garrisons 28573 | -1/Command | Discovered new exit (range 17) 28598 | -1/Command | Sigix Exoskeleton integrity reduced to 60% 28629 | -1/Command | Core integrity fell below 50% 28650 | -1/Command | Sigix Exoskeleton integrity reduced to 40% 28671 | -1/Command | Destroyed MAIN.C 28677 | -1/Command | Discovered new exit (range 50) 28677 | -1/Command | Discovered new exit (range 112) 28677 | -1/Command | Extracted map data and part IDs from MAIN.C's data core 28784 | -1/Command | Found Zero-point Reactor 28787 | -1/Command | Found Zero-point Reactor 28788 | -1/Command | Found Exp. Targeting Computer 28792 | -1/Command | Found Omega Cannon 29173 | -1/Command | All MAIN.C guards destroyed 29297 | -1/Command | Found Thermal Barrier 29446 | -1/Command | Found Adv. Particle Accelerator 29463 | -1/Command | Found Exp. System Purifier 29508 | -1/Command | Found Zero-point Reactor 29511 | -1/Command | Found Exp. Core Analyzer 29743 | -1/Command | Assembled emerged from beneath the floor 29788 | -1/Command | Assembled emerged from beneath the floor 29832 | -1/Command | Assembled emerged from beneath the floor 29888 | -1/Command | Assembled emerged from beneath the floor 29902 | -1/Command | Assembled emerged from beneath the floor 30042 | -1/Command | Found Multirail 30109 | -1/Command | Found Scrap Suit 30126 | -1/Command | Found Exp. Targeting Computer 30147 | -1/Command | Found Gamma Bomb Array 30149 | -1/Command | Found Gamma Bomb Array 30181 | -1/Command | Found Exp. Target Analyzer 30223 | -1/Command | Found Gamma Bomb Array 30260 | -1/Command | Found Corrupted Exp. ECM Suite 30420 | -1/Command | Found Exp. Force Field 30455 | -1/Command | Found Exp. Targeting Computer 30522 | -1/Command | Found Exp. Targeting Computer 30627 | *** | Destroyed 0b10! Last Messages --------------- 30459_ Acquired Imp. Quantum Reactor. 30468_ Acquired 7 matter. 30469_ Acquired 3 matter. 30505_ Dropped Stasis Canceller. 30505_ Acquired Imp. Armor Integrity Analyzer. 30507_ Quantum Shear penetrates Wall. 30509_ Dropped Zero-point Reactor. 30510_ Acquired Stasis Canceller. 30520_ Dropped Dimensional Node Initializer. 30520_ Acquired Dimensional Node Initializer. 30522_ Dropped Zero-point Reactor. 30522_ Acquired Exp. Targeting Computer. 30536_ Dropped Adv. Launcher Guidance Computer. 30537_ Acquired Imp. System Restoration Module. 30538_ Quantum Shear penetrates Earth. 30591_ Quantum Shear penetrates Wall. 30591_ Quantum Shear penetrates Earth. 30591_ Quantum Shear penetrates Wall. 30594_ Quantum Shear penetrates Earth. [Achievement: Payload Armed] Map ----- +----------------------------------------------------+ | ############# # [= ## ######### | | ############# ## # "## ######### | | ############## # # # ######## | | ################ # # T" ######## | | ################+# # # #% # "" ######## | | ############ # ## # # #######" | | ############ ! # ] ##### = ###########" | | ############ # # %!## # ##########" | | ############ # "# # % #######" #" | | ############ + # =%! ############" | | ############ # # !! ############" | | ################### # % = "############" | | ################### # |!%[ #"########### | | ################### # "%"! ## ##### | | ######################## % ## ##### | | ####??################## ## #####" | | ##????##################+##"###"###*##! #####" | | ???????############ ####=## ##### | | ????????########### * ####%## ##### | | ????????########### !!!!% ####=######+#####" | | ?????????########## !!! ####*%= % | | ????????########### !!! ####!!= " | | ????????####################"###### ! % "% | | ????????##################### ##### ##"#####" | | ???????################# # ##### ######## | | ??????################## X ####### ######## | | ?????################### ####### ##+######### | | ????###################### ####### # ####### | | ????###################### ####### # ####### | | ???############# *# ####### # = ####### | | ??############## # ####### # ####### | | ??############## "" # ####### #] ####### | | ??############## """" + %! # ####### | | ?############### """" # # ####### | | ?###############* "" # %!= # ####### | | ?############### # %"" # ####### | | ################ # = """" ############ | | ##################+####### """" ############ | | ################## ####### "" ########## | | ################! ##### ########## | | ################ ########## | | ################ ########## | | ################ ##### ########## | | #################+########+###### ########## | | ############ # ## ########## | | ############ + ################### | | ############ "" # """" ################### | | ############ """" # """" ################### | | ############ """" # """" ################### | | ############ "" # """" ################### | +----------------------------------------------------+ Best States ------------- Heat Dissipation 160 Coolant Potential 100 Energy Generation 100 Energy Capacity 545 Matter Stores 300 Matter Capacity 800 Sight Range 24 Robot Scan Range 18 Terrain Scan Density 10 ECM Strength 2 Jamming Range 22 Cloak Strength 3 Power Amplification 40 Additional Mass Support 12 Base Temperature (-) 200 EM Shielding 2 Corruption Block 40 Armor Coverage 1250 Resistance: KI 50 Resistance: TH 50 Resistance: EX 50 Resistance: EM 75 Resistance: I 50 Resistance: S 50 Resistance: P 50 Propulsion Shielding 66 Utility Shielding 90 Point Defense Rating 240 Weapon Cycling 25 Evasion (%) 83 Targeting Accuracy 18 Melee Accuracy 8 Target Analysis 8 Core Analysis 8 Armor Integrity Analysis 40 Energy Filtering 30 Particle Charging 50 Kinecelleration 40 Offensive Hacking 26 Defensive Hacking 14 Authchip Count 5 Item Schematics ----------------- None Robot Schematics ------------------ None Fabricated ------------ Deep Structural Scanner | x1 | -5/Factory Deep Structural Scanner | x1 | -5/Factory | Authchip Ovr. Railgun | x1 | -5/Factory | Authchip Ovr. Railgun | x1 | -5/Factory Lgt. Quantum Reactor | x2 | -2/Research | Preloaded Repaired ---------- Molecular Scythe | 50% | -5/Factory | Broken Gatling Laser | 21% | -5/Factory Ovr. Railgun | 24% | -3/Research Ovr. Railgun | 24% | -3/Quarantine Centrium Medium Armor Plating | 27% | -3/Quarantine Studied --------- Railgun | -2/Research | Hacked Lgt. Quantum Reactor | -2/Research | Hacked Cmb. Linear Gravjet | -2/Research | Hacked Hyp. Railgun | -2/Research | Hacked Imp. Antigrav System | -2/Research | Hacked Imp. Ion Engine | -2/Research | Hacked Adv. Remote Datajack | -2/Research | Hacked Antigrav Array | -2/Testing | Hacked Alien Tech Used ----------------- Integrated Reactor Core Cannon Sigix Terminator Core Reset Matrix Dimensional Node Initializer Transdimensional Reconstructor Integrated Mediator Sigix Exoskeleton Sigix Sheargun High-powered Transdimensional Reconstructor Core Regenerator LRC Inertial Stabilizer Achievements -------------- Alien Attack Help And Harvest Integration Complete Payload Armed Sacrificial Teamwork This Is My Hole Challenges ------------ None Game ------ Seed ThermicStrikeTerminator Manual? 0 Play Time 07:20:02 Cumulative 382.3 hours Start 2026.01.05 @ 19:18:45 End 2026.01.06 @ 05:31:06 Sessions 7 Manual Loads 0 Difficulty Rogue Special Mode None Game No. 133 Rogue 133 Adventurer 0 Explorer 0 Win Type 3 Total 9 Types 5/0/0/1/0/0/0/1/0/2 Lore% 82 Gallery% 79 Achievement% 68 Wizard Run 0 Options --------- Layout 1 ASCII 0 Keyboard 0 Movement Mouse Keybinds 0 Fullscreen 2 Font 32/SmallcapsGlow Map View 50x35 Zoom Use 0% Tactical HUD 1 Map Filters NONE Filters NONE Steam 1 RUN: 0f5f6d8d-9c57-4cee-8ca7-b1ee3f1b684c